 Dungeon Crawl Stone Soup version 0.26-a0-491-g70697cc071 (webtiles) character file.

Game seed: 12989628795183734915

(classic levelgen) 548668 EnegeticOcto the Spry (level 26, 0/327 HPs)
             Began as a Merfolk Chaos Knight on Aug 5, 2020.
             Was a Favourite Plaything of Xom.
             Slain by a storm dragon (11 damage)
             ... on level 2 of the Realm of Zot.
             The game lasted 02:04:56 (71412 turns).

EnegeticOcto the Spry (Merfolk Chaos Knight)       Turns: 71412, Time: 02:04:56

Health: 0/327      AC: 40    Str: 23    XL:     26   Next: 23%
Magic:  39/39      EV: 10    Int: 19    God:    Xom [...*..]
Gold:   8191       SH:  0    Dex: 14    Spells: 34/38 levels left

rFire    + . .     SeeInvis +   b - +8 mithril axe "Arga" {speed, MR+}
rCold    + + +     Faith    .   Q - +10 tower shield of Ignorance {rN+ Int-4}
rNeg     + + .     Spirit   .   V - +11 gold dragon scales
rPois    +         Reflect  .   F - +2 hat {SInv}
rElec    +         Harm     .   v - +2 cloak {rCorr}
rCorr    +                      X - +0 pair of gloves "Qeirph" {rPois rC+ Dex+4}
MR       ++...                  u - +1 pair of boots {rampage}
Stlth    ..........             T - amulet "Hosch" {Acrobat rN+ Str+2}
HPRegen  1.04/turn              K - ring of Duovion {+Fly rElec Slay+4}
MPRegen  0.26/turn              Y - ring "Nusoff" {*Drain +Fly rC+ Int+8 Dex-3, =R}

@: confused, berserking (expiring), constricted, studying Spellcasting, very
quick
A: change form in water, swift swim, stealthy swim, antennae 1, claws 1, high mp
2, poison resistance, regeneration 1, evolution 1, no potion heal 1
}: 3/15 runes: decaying, silver, gossamer
a: Renounce Religion, Evoke Flight


You were on level 2 of the Realm of Zot.
You worshipped Xom.
You were a favourite toy of Xom.
You visited 9 branches of the dungeon, and saw 46 of its levels.
You visited 1 bazaar.
You visited 1 ziggurat, and saw 5 of its levels.
You also visited: Bailey, Gauntlet and Ice Cave.

You collected 12628 gold pieces.
You spent 4437 gold pieces at shops.

Inventory:

Hand Weapons
 a - a +9 demon trident of flaming
 b - the +8 mithril axe "Arga" (weapon) {speed, MR+}
   (You bought it in a shop on level 3 of the Vaults)

   Attacks with this weapon are significantly faster.
   It affects your resistance to hostile enchantments.
Missiles
 k - 18 curare-tipped darts
 s - 42 javelins
 P - 67 boomerangs (quivered)
 R - 11 silver javelins
 U - a throwing net {!f}
Armour
 u - a +1 pair of boots of rampaging (worn)
 v - a +2 cloak of preservation (worn)
 F - a +2 hat of see invisible (worn)
 Q - the +10 tower shield of Ignorance (worn) {rN+ Int-4}
   (You found it on level 2 of a ziggurat)

   It affects your intelligence (-4).
   It protects you from negative energy.
 V - +11 gold dragon scales (worn)
 X - the +0 pair of gloves "Qeirph" (worn) {rPois rC+ Dex+4}
   (You found it in a Gauntlet)

   It affects your dexterity (+4).
   It protects you from cold.
   It protects you from poison.
Jewellery
 o - an uncursed ring of protection from magic
 w - the amulet of Ribirch {Reflect rElec rN+++ MR- Str-3 SH+5}
   (You found it on level 5 of the Depths)

   [amulet of reflection]

   It shields you and reflects attacks.
   It affects your strength (-3).
   It insulates you from electricity.
   It renders you almost immune to negative energy.
   It affects your resistance to hostile enchantments.
   It affects your SH (+5).
 y - the ring "Taneaf" {rF+ rCorr Int+5}
   (You bought it in a shop in a bazaar)

   [ring of resist corrosion]

   It affects your intelligence (+5).
   It protects you from fire.
   It provides partial protection from all sources of acid and corrosion.
 K - the ring of Duovion (left hand) {+Fly rElec Slay+4}
   (You took it off an ironbrand convoker on level 5 of the Vaults)

   [ring of flight]

   It affects your accuracy and damage with ranged weapons and melee attacks
   (+4).
   It insulates you from electricity.
   It lets you fly.
 T - the amulet "Hosch" (around neck) {Acrobat rN+ Str+2}
   (You found it in a bailey)

   [amulet of the acrobat]

   It helps you evade while moving and waiting.
   It affects your strength (+2).
   It protects you from negative energy.
 Y - the ring "Nusoff" (right hand) {*Drain +Fly rC+ Int+8 Dex-3, =R}
   (You found it in a Gauntlet)

   [ring of protection from cold]

   It affects your intelligence (+8).
   It affects your dexterity (-3).
   It protects you from cold.
   It lets you fly.
   It causes draining when unequipped.
Wands
 p - a wand of clouds (20)
 r - a wand of paralysis (65)
 t - a wand of polymorph (13)
 A - a wand of digging (18) {@v3}
 C - a wand of enslavement (38)
 M - a wand of acid (19) {@v1}
 O - a wand of iceblast (32) {@v2}
Scrolls
 h - 4 scrolls of vulnerability
 j - 14 scrolls of fog {!r}
 l - 4 scrolls of summoning
 q - 6 scrolls of magic mapping {@r5 !r}
 x - 32 scrolls of identify {@r1}
 z - 15 scrolls of teleportation {@r3 !r}
 B - 4 scrolls of fear {!r}
 H - a scroll of immolation
 I - 7 scrolls of blinking {@r4}
 W - 2 scrolls of silence
Potions
 c - 6 potions of invisibility
 e - 8 potions of lignification {@q6}
 f - 15 potions of curing {@q1 !q}
 g - 11 potions of ambrosia
 n - 11 potions of mutation
 D - 2 potions of berserk rage
 E - 4 potions of magic
 G - 11 potions of might {@q3 !q}
 J - 9 potions of heal wounds {@q2 !q}
 N - 5 potions of cancellation
 Z - 10 potions of haste {@q4 !q}
Books
 L - a manual of Spellcasting
Miscellaneous
 d - a phial of floods
 i - a lightning rod (4/4)
 S - a tin of tremorstones (3/3)


   Skills:
 - Level 20.0 Fighting
 + Level 10.7(11.8) Axes
 - Level 14.0(17.1) Polearms
 - Level 16.0 Throwing
 + Level 14.2 Armour
 - Level 20.0 Dodging
 - Level 20.0 Shields
 - Level 6.7 Spellcasting
 - Level 5.0 Translocations
 - Level 15.0 Evocations


You had 34 spell levels left.
You knew the following spells:

 Your Spells              Type           Power        Failure   Level
p - Passwall              Tmut/Erth      #.......     100%        2
Y - Blink                 Tloc           N/A          80%         2

Your spell library contained the following spells:

 Spells                   Type           Power        Failure   Level
 Gell's Gravitas          Tloc           ####......   95%         3
 Lesser Beckoning         Tloc           ####......   95%         3
 Teleport Other           Tloc           ####....     95%         3
 Beastly Appendage        Tmut           #.....       100%        1
 Corona                   Hex            #......      100%        1
 Foxfire                  Conj/Fire      #...         100%        1
 Freeze                   Ice            #...         100%        1
 Magic Dart               Conj           #...         100%        1
 Sandblast                Erth           #.....       100%        1
 Shock                    Conj/Air       #...         100%        1
 Sting                    Tmut/Pois      #...         100%        1
 Summon Small Mammal      Summ           #...         100%        1
 Call Imp                 Summ           #.......     100%        2
 Ensorcelled Hibernation  Hex/Ice        #.....       100%        2
 Poisonous Vapours        Pois/Air       #.....       100%        2
 Slow                     Hex            #.......     100%        2
 Sublimation of Blood     Necr           #.........   100%        2
 Swiftness                Air            #.......     100%        2
 Wereblood                Tmut           #.......     100%        2
 Call Canine Familiar     Summ           #.......     100%        3
 Conjure Flame            Conj/Fire      #.......     100%        3
 Frozen Ramparts          Ice            #.....       100%        3
 Ignite Poison            Fire/Tmut/Pois #.......     100%        3
 Inner Flame              Hex/Fire       #.......     100%        3
 Mephitic Cloud           Conj/Pois/Air  #.......     100%        3
 Ozocubu's Armour         Ice            #.......     100%        3
 Portal Projectile        Hex/Tloc       ###...       100%        3
 Spider Form              Tmut/Pois      #.........   100%        3
 Static Discharge         Conj/Air       #.......     100%        3
 Stone Arrow              Conj/Erth      #.....       100%        3
 Summon Guardian Golem    Hex/Summ       #.......     100%        3
 Tukima's Dance           Hex            #.......     100%        3
 Airstrike                Air            #.........   100%        4
 Animate Dead             Necr           #.........   100%        4
 Cause Fear               Hex            #.........   100%        4
 Hailstorm                Conj/Ice       #.......     100%        4
 Ice Form                 Ice/Tmut       #.......     100%        4
 Leda's Liquefaction      Hex/Erth       #.........   100%        4
 Olgreb's Toxic Radiance  Pois           #.......     100%        4
 Passage of Golubria      Tloc           N/A          100%        4
 Petrify                  Tmut/Erth      #.......     100%        4
 Sticky Flame             Conj/Fire      #.......     100%        4
 Summon Ice Beast         Ice/Summ       #.......     100%        4
 Summon Lightning Spire   Summ/Air       #.......     100%        4
 Alistair's Intoxication  Tmut/Pois      #........    100%        5
 Blade Hands              Tmut           #.........   100%        5
 Borgnjor's Vile Clutch   Necr/Erth      #.........   100%        5
 Fireball                 Conj/Fire      #.........   100%        5
 Irradiate                Conj/Tmut      #.........   100%        5
 Lee's Rapid Deconstruct  Erth           #.........   100%        5
 Lightning Bolt           Conj/Air       #.........   100%        5
 Metabolic Englaciation   Hex/Ice        #.........   100%        5
 Silence                  Hex/Air        #.........   100%        5
 Summon Demon             Summ           #.........   100%        5
 Summon Forest            Summ/Tloc      ###.......   100%        5
 Summon Mana Viper        Hex/Summ       #.......     100%        5
 Yara's Violent Unravell  Hex/Tmut       #.........   100%        5
 Death Channel            Necr           #.........   100%        6
 Eringya's Noxious Bog    Tmut/Pois      #.........   100%        6
 Freezing Cloud           Conj/Ice/Air   #.........   100%        6
 Hydra Form               Tmut           #.........   100%        6
 Ozocubu's Refrigeration  Ice            #.........   100%        6
 Shadow Creatures         Summ           N/A          100%        6
 Simulacrum               Ice/Necr       #.........   100%        6
 Starburst                Conj/Fire      #.........   100%        6
 Malign Gateway           Summ/Tloc      ###.......   100%        7
 Summon Hydra             Summ           #.........   100%        7
 Discord                  Hex            #.........   100%        8
 Ignition                 Fire           #.........   100%        8
 Tornado                  Air            #.........   100%        9


Dungeon Overview and Level Annotations

Branches:
Dungeon (15/15)            Temple (0/1) D:7            Lair (6/6) D:9
  Swamp (4/4) Lair:2       Spider (4/4) Lair:4        Slime (0/5) Lair:6
    Orc (2/2) D:9             Elf (visited)          Vaults (5/5) D:14
  Crypt (0/3) Vaults:2     Depths (5/5) D:15            Zot (2/5) Depths:5
 Bailey (visited)           IceCv (visited)         Gauntlet (visited)

Altars:
Kikubaaqudgha
Makhleb
Trog
Xom
Yredelemnul
Zin
Jiyva

Shops:
D:7 *   D:10 *   Orc:2 :*[([   Vaults:1 *   Vaults:3 *   Vaults:5 =
Depths:4 (

Portals:
Hell: Depths:1 Depths:2 Depths:3 Depths:4 Depths:5
Abyss: Depths:4 Depths:5
Pandemonium: Depths:1

Annotations:
D:8 1 runed translucent door, Tinttamiau's ghost, novice VSFi
D:9 1 runed translucent door
Elf:2 exclusion: 3 doors
Vaults:3 1 runed translucent door, Xeobi's ghost, adept GrFi
Depths:3 exclusion: door
Depths:4 2 exclusions


Innate Abilities, Weirdness & Mutations

You revert to your normal form in water.
You are very nimble and swift while swimming.
You are very stealthy in the water. (Stealth+)
You have a pair of small antennae on your head.
You have sharp fingernails.
You have a considerably increased reservoir of magic. (+20% MP)
Your system is resistant to poisons. (rPois)
Your natural rate of healing is unusually fast.
You evolve.
Potions are less effective at restoring your health.


Message History

You are now a favourite toy of Xom.
The quicksilver dragon barely misses you.
The quicksilver dragon claws you but does no damage.
Are you sure you want to stumble around while confused and next to your butterfly? [Y]es or [N]o only, please.
Are you sure you want to stumble around while confused and next to your butterfly?
Okay, then.
You are too berserk!
You are too berserk!
Are you sure you want to stumble around while confused and next to your butterfly?
You slash your butterfly!
You kill your butterfly!
You miss the quicksilver dragon. You slice the tentacled monstrosity!!
You slash the deathcap! You hit the deathcap.
The storm dragon is engulfed in dark miasma.
The storm dragon looks even sicker.
The deathcap draws from the surrounding life force!
Your butterflies are drained of life.
Your butterfly dies! x8
The deathcap is healed.
The deathcap releases spores at you but does no damage.
The quicksilver dragon closely misses you.
The quicksilver dragon claws you.
The tentacled monstrosity tentacle-slaps you but does no damage. x3
The tentacled monstrosity constricts you!
You escape the tentacled monstrosity's grasp.
The storm dragon is engulfed in dark miasma.
The storm dragon looks even sicker.
You hear a roar!
You miss the quicksilver dragon.
The quicksilver dragon is almost dead.
You slash the deathcap!
The storm dragon is engulfed in dark miasma.
The storm dragon looks as sick as possible!
The quicksilver dragon bites you!
The quicksilver dragon barely misses you.
The curse toe calls on the powers of darkness!
The storm dragon convulses! x2; The quicksilver dragon convulses!
Your body is wracked with pain!
* * * LOW HITPOINT WARNING * * *
The deathcap releases spores at you.
* * * LOW HITPOINT WARNING * * *
You are engulfed in a cloud of spores!
You are more confused.
You bump into the rock wall.
The quicksilver dragon bites you!
* * * LOW HITPOINT WARNING * * *
The quicksilver dragon closely misses you.
You hear a roar!
You barely miss the storm dragon.
The storm dragon is severely wounded.
You barely miss the deathcap. You hit the tentacled monstrosity.
You slice the quicksilver dragon!!
You kill the quicksilver dragon!
The storm dragon returns to its original shape as it dies.
The storm dragon scales are intact enough to wear.
The curse toe calls on the powers of darkness!
The storm dragon convulses! x2; The quicksilver dragon convulses!
The moth of wrath convulses!
Your body is wracked with pain!
* * * LOW HITPOINT WARNING * * *
The storm dragon closely misses you.
The storm dragon claws you but does no damage.
The storm dragon tramples you but does no damage.
The deathcap releases spores at you but does no damage.
A moth of wrath comes into view.
The moth of wrath's fur bristles in rage as it notices you.
The storm dragon bites you.
* * * LOW HITPOINT WARNING * * *
The storm dragon barely misses you.
The storm dragon tramples you but does no damage.
The storm dragon bites you but does no damage.
The storm dragon completely misses you.
The storm dragon tramples you but does no damage.
The tentacled monstrosity tentacle-slaps you!
* * * LOW HITPOINT WARNING * * *
The tentacled monstrosity tentacle-slaps you but does no damage. x2
The tentacled monstrosity grabs you.
* * * LOW HITPOINT WARNING * * *
The tentacled monstrosity constricts you!
The storm dragon barely misses you.
The storm dragon claws you but does no damage.
The storm dragon tramples you but does no damage.
The moth of wrath moves out of view.
A tentacled monstrosity comes into view.
Things that are here:
+0 storm dragon scales; a storm dragon corpse The tentacled monstrosity's grasp on you weakens, but your attempt to escape fails.
You feel a strong urge to attack something.
The storm dragon bites you but does no damage.
The storm dragon claws you!
* * * LOW HITPOINT WARNING * * *
The storm dragon barely misses you.
The deathcap releases spores at you but does no damage.
The deathcap releases spores at you!
* * * LOW HITPOINT WARNING * * *
Xom thinks this is hilarious!
You are engulfed in a cloud of spores!
You are more confused.
The storm dragon bites you!
You die...
Xom cackles wildly!

### ##...#
####....
#.......
#......#####
#. ........
#.###fX.#
####..f.z@.#
#.....f☼DDf#
#.....yX####
#.....fDD
###....§y.
#........
#.........
#...D......
#!...D..z###


You could see 2 tentacled monstrosities, 2 storm dragons, a curse toe, a
quicksilver dragon, 2 deathcaps, a moth of wrath and 3 wandering mushrooms.

Vanquished Creatures
  Mara (Depths:4)
  Mennas (Depths:4)
  A greater mummy (Zig:5)
  Sojobo (Vaults:4)
  Boris (twice) (Vaults:2 Vaults:3)
  Saint Roka (Elf:2)
  A pandemonium lord (Zig:3)
  the Lernaean hydra (Swamp:4)
  2 caustic shrikes (Depths:3)
  A golden dragon (Vaults:5)
  Nikola (Swamp:1)
  Arachne (Spider:2)
  A Tzitzimitl (Zig:3)
  Jorgrun (Lair:4)
  2 tentacled monstrosities
  2 titans (Vaults:5)
  4 liches
  3 deep elf blademasters
  2 deep elf master archers (Elf:3)
  2 quicksilver dragons
  A death cob (Zot:1)
  Kirke (D:12)
  6 shadow dragons
  7 tengu reavers
  Agnes (Elf:1)
  10 sphinxes
  2 storm dragons
  An azure jelly (shapeshifter) (D:14)
  Roxanne (Spider:2)
  A draconian knight (Depths:5)
  5 ghost moths
  2 orc warlords (Orc:2)
  Aizul (Swamp:3)
  A caustic shrike zombie (Depths:4)
  2 deep elf sorcerers (Elf:3)
  8 fire giants
  2 draconian scorchers (Zot:1)
  12 vault wardens
  6 deep elf elementalists
  8 frost giants
  A large abomination (Elf:3)
  An iron dragon (Vaults:5)
  4 emperor scorpions
  A draconian annihilator (Depths:5)
  A ghoul (Vaults:2)
  A spriggan defender (Depths:4)
  26 very ugly things
  A draconian shifter (Zot:1)
  15 ironheart preservers
  2 war gargoyles (Vaults:5)
  7 entropy weavers
  21 stone giants
  8 deep elf demonologists
  5 green draconians
  2 vampire knights
  14 deep elf annihilators
  2 purple draconians (Zot:1)
  A minotaur (Gauntlet)
  3 black draconians
  6 spark wasps
  3 white draconians
  14 ettins
  3 red draconians
  2 mummy priests (Zig:5)
  9 deep elf death magi
  8 great orbs of eyes
  11 yaktaur captains
  2 deep elf high priests (Elf:1)
  10 fire dragons
  Fannar (Lair:2)
  20 hydras
  4 rakshasas
  A spriggan air mage (Depths:1)
  2 shambling mangroves
  12 ice dragons
  24 vault guards (Vaults:5)
  19 alligators
  11 centaur warriors
  13 ogre magi
  An alligator snapping turtle (Spider:3)
  41 two-headed ogres
  21 dancing weapons
  5 death knights
  2 alligators (shapeshifter)
  A satyr (shapeshifter) (Depths:4)
  6 tengu warriors
  6 orc high priests
  6 hell knights
  5 death yaks (Lair:6)
  A vampire mage (Depths:2)
  2 deep troll shamans (Vaults:4)
  A storm dragon zombie (Depths:4)
  4 deep troll earth magi
  20 deep elf knights
  Urug (Orc:1)
  4 shadow wraiths
  A death drake (Depths:5)
  14 skeletal warriors
  A golden dragon zombie (Depths:4)
  18 deep trolls
  2 spriggan druids
  2 death drakes (shapeshifter)
  A spark wasp zombie (Depths:4)
  4 unseen horrors
  4 glowing orange brains
  2 phantasmal warriors (Vaults:5)
  15 swamp dragons
  2 wizards
  2 orange crystal statues
  4 necromancers
  5 harpies
  19 deep elf archers
  15 ironbrand convokers
  3 flayed ghosts
  2 lindwurms
  19 orc knights
  5 oklob plants
  10 orb spiders
  47 ugly things
  A wolf spider (shapeshifter) (Vaults:4)
  A shining eye (shapeshifter) (Vaults:5)
  A faun (shapeshifter) (Vaults:5)
  73 deep elf magi
  10 cyclopes
  39 wolf spiders
  6 orc sorcerers
  A moth of wrath (shapeshifter) (Depths:1)
  A mana viper (Vaults:4)
  4 moths of wrath
  5 torpor snails
  13 vault sentinels
  4 black mambas
  A naga mage (D:15)
  15 cane toads
  4 elephants (Lair:6)
  A molten gargoyle (Depths:4)
  3 apocalypse crabs
  A water nymph (shapeshifter) (Vaults:5)
  5 spectral swamp worms (Depths:4)
  2 gargoyles
  Maggie (Lair:2)
  A rime drake (shapeshifter) (Spider:1)
  A spriggan skeleton (Depths:4)
  5 freezing wraiths
  A tormentor (Zig:1)
  A storm dragon simulacrum (Vaults:2)
  A rime drake (D:15)
  3 komodo dragons
  34 yaktaurs
  2 small abominations (Elf:3)
  7 demonic crawlers
  2 efreet
  2 guardian mummies (Zig:5)
  A queen bee (Spider:1)
  37 jumping spiders
  12 polar bears (IceCv)
  3 meliai (Spider:1)
  9 trolls
  26 hornets
  A hornet (shapeshifter) (Depths:3)
  11 tyrant leeches
  A raiju (shapeshifter) (Vaults:1)
  A tyrant leech (shapeshifter) (Depths:5)
  A blink frog (shapeshifter) (Elf:2)
  A wind drake (D:9)
  14 bog bodies
  3 blink frogs (Lair:3)
  A snapping turtle (D:15)
  A human simulacrum (Vaults:3)
  8 hippogriffs
  An ettin zombie (Zig:1)
  34 slime creatures
  A hippogriff (shapeshifter) (Depths:4)
  A redback (shapeshifter) (Vaults:5)
  6 dream sheep
  8 spriggans
  3 air elementals
  4 water elementals
  4 shadows
  5 wraiths
  91 redbacks
  31 tarantellas
  28 yaks
  3 ushabtiu (Zig:5)
  2 fire elementals
  3 vampires
  3 basilisks
  2 wyverns
  7 hogs (D:12)
  A human (shapeshifter) (D:9)
  5 fire bats
  A fire bat (shapeshifter) (Vaults:4)
  A basilisk (shapeshifter) (Vaults:1)
  Grum (D:10)
  13 wargs
  14 soldier ants (Lair:5)
  14 vampire mosquitoes
  An acid dragon (D:12)
  13 swamp worms
  11 insubstantial wisps
  8 water moccasins
  3 porcupines
  2 floating eyes
  2 eyes of draining (shapeshifter)
  8 ice beasts
  3 phantoms
  2 sky beasts
  An ice beast (shapeshifter) (Vaults:2)
  A black bear (D:8)
  59 orc warriors
  2 eyes of draining
  11 boggarts
  19 swamp drakes
  36 ogres
  A hornet zombie (D:14)
  A black bear (shapeshifter) (Swamp:2)
  A wolf (shapeshifter) (Depths:2)
  18 wolves
  15 centaurs
  6 crocodiles
  16 bullfrogs
  An ogre simulacrum (Vaults:1)
  4 earth elementals
  A wyvern zombie (D:10)
  5 scorpions
  27 killer bees
  29 wights
  3 electric eels
  6 howler monkeys
  A crimson imp (Depths:1)
  A quasit (Lair:3)
  A centaur zombie (D:7)
  A bullfrog zombie (D:10)
  8 hounds
  39 orc priests
  3 bullfrog skeletons
  An iron imp (Depths:3)
  4 jellies
  31 orc wizards
  4 centaur skeletons
  An iguana (shapeshifter) (Vaults:4)
  Crazy Yiuf (D:2)
  Jessica (D:2)
  8 iguanas
  4 hell rats (Lair:5)
  24 worker ants
  3 hound skeletons
  2 mummies (Zig:5)
  Robin (D:2)
  2 worker ant zombies
  7 gnolls
  13 adders
  3 shadow imps
  16 white imps
  3 ufetubi
  An ooze (D:2)
  2 adder skeletons
  A worm (D:4)
  2 dart slugs
  3 leopard geckos
  131 orcs
  6 giant cockroaches
  18 goblins
  12 hobgoblins
  15 jackals
  6 quokkas
  A ball python (D:5)
  7 bats
  4 frilled lizards
  23 kobolds
  A leopard gecko zombie (D:7)
  5 rats
  3 crawling corpses (Elf:3)
2134 creatures vanquished.

Vanquished Creatures (collateral kills)
  A juggernaut (Depths:1)
  2 caustic shrikes (Depths:3)
  A titan (Vaults:5)
  A thorn hunter (Swamp:2)
  A frost giant (Depths:3)
  An entropy weaver (Spider:3)
  An ettin (Vaults:5)
  A fire dragon (Depths:3)
  2 yaktaur captains
  A centaur warrior (Depths:3)
  A deep troll shaman (Lair:6)
  2 hell knights (Vaults:4)
  A deep elf archer (Elf:2)
  2 harpies (Vaults:2)
  A phantasmal warrior (Vaults:2)
  2 orc knights
  An ugly thing (D:13)
  3 orc sorcerers (Orc:2)
  An elephant (shapeshifter) (Vaults:4)
  A demonic crawler (Spider:3)
  A jumping spider (Spider:3)
  A slime creature (Swamp:3)
  A hippogriff (D:13)
  2 redbacks (Spider:3)
  3 yaks (D:13)
  A tarantella (Spider:3)
  A spriggan (Swamp:4)
  A swamp worm (Swamp:1)
  An orc warrior (Orc:2)
  2 wolves (Lair:6)
  3 centaurs (Depths:3)
  An orc priest (Orc:2)
  An orc wizard (Orc:2)
  A gnoll (D:3)
  8 orcs
  A plant (Lair:6)
56 creatures vanquished.

Vanquished Creatures (others)
  A tengu reaver (Vaults:5)
  A fire giant (Vaults:5)
  A deep elf sorcerer (Elf:3)
  An emperor scorpion (Lair:6)
  A stone giant (Vaults:5)
  An ironheart preserver (Vaults:1)
  An entropy weaver (Lair:5)
  A dire elephant (Lair:6)
  An ettin (Vaults:4)
  A hydra (Lair:5)
  An ice dragon (Lair:4)
  2 dancing weapons
  A catoblepas (Lair:6)
  A queen ant (Lair:5)
  An alligator (Swamp:1)
  4 death yaks (Lair:6)
  A fire crab (Gauntlet)
  An ugly thing (D:11)
  2 deep elf magi
  4 elephants
  A cyclops (Orc:1)
  An ice statue (IceCv)
  5 cane toads
  A komodo dragon (Lair:3)
  A queen bee (Gauntlet)
  4 polar bears
  A hornet (Swamp:1)
  4 hippogriffs
  A wyvern (D:11)
  11 yaks
  A tarantella (Bailey)
  11 soldier ants
  A porcupine (Lair:4)
  A sky beast (D:9)
  A black bear (Lair:6)
  A phantom (D:11)
  6 wolves
  5 crocodiles
  A big kobold (D:10)
  2 bullfrogs
  10 wights
  2 howler monkeys (D:10)
  A centaur zombie (D:10)
  A hound (D:10)
  2 orc priests
  An orc wizard (Vaults:1)
  5 worker ants (Lair:5)
  A worker ant zombie (D:11)
  A white imp (Lair:3)
  5 orcs
  15 fungi
  6 plants
  2 withered plants (D:8)
140 creatures vanquished.

Grand Total: 2330 creatures vanquished

Notes
Turn   | Place    | Note
-------+----------+-------------------------------------------
     0 | D:1      | EnegeticOcto the Merfolk Chaos Knight began the quest for
                  | the Orb.
     0 | D:1      | Reached XP level 1. HP: 18/18 MP: 1/1
    90 | D:1      | XOM: potion effect (haste)
    96 | D:1      | Reached skill level 5 in Polearms
    96 | D:1      | Reached XP level 2. HP: 23/24 MP: 2/2
   153 | D:1      | XOM: divination: magic mapping
   548 | D:1      | XOM: silly message
   551 | D:1      | XOM: divination: detect items
   653 | D:1      | Reached XP level 3. HP: 25/30 MP: 3/3
   658 | D:1      | XOM: silly message
  1172 | D:2      | XOM: 1-stop teleportation journey
  1225 | D:2      | XOM: give mutations
  1225 | D:2      | Gained mutation: You are weak. (Str -2) [Xom's mischief]
  1225 | D:2      | Gained mutation: Your flesh is heat resistant. (rF+) [Xom's
                  | mischief]
  1418 | D:2      | Reached skill level 6 in Polearms
  1431 | D:2      | Reached skill level 4 in Fighting
  1431 | D:2      | Reached XP level 4. HP: 30/37 MP: 4/4
  1514 | D:2      | Noticed Jessica
  1518 | D:2      | XOM: swap monsters
  1524 | D:2      | Killed Jessica
  1534 | D:2      | XOM: 6-stop teleportation journey
  1595 | D:2      | Noticed Robin
  1646 | D:2      | Killed Robin
  1660 | D:2      | Reached skill level 7 in Polearms
  1786 | D:2      | XOM is BORED!
  1786 | D:2      | XOM: summons 2 hostile demons
  1787 | D:2      | Noticed a neqoxec
  1787 | D:2      | Gained mutation: You are clumsy. (Dex -2) [a neqoxec]
  1791 | D:2      | Gained mutation: You possess an exceptional clarity of
                  | mind. [a neqoxec]
  1818 | D:2      | Gained mutation: Your body sometimes deteriorates upon
                  | taking damage. [a neqoxec]
  1819 | D:2      | Gained mutation: You occasionally shout uncontrollably at
                  | your foes. [a neqoxec]
  1878 | D:2      | Reached XP level 5. HP: 43/43 MP: 5/5
  1945 | D:2      | XOM: draining
  2286 | D:2      | Found a runed translucent door.
  2287 | D:2      | Noticed Crazy Yiuf
  2634 | D:2      | Killed Crazy Yiuf
  2701 | D:2      | XOM: god gift: hunting sling {god gift}
  2820 | D:3      | XOM: god gift: wand of digging (4)
  3004 | D:3      | XOM: summons friendly white imp
  3109 | D:3      | Reached skill level 8 in Polearms
  3109 | D:3      | Reached XP level 6. HP: 38/50 MP: 6/6
  3213 | D:3      | XOM: 2-stop teleportation journey
  3451 | D:3      | XOM: cast spell 'Shadow Creatures'
  3466 | D:3      | XOM: noise
  3468 | D:3      | Reached skill level 5 in Fighting
  3805 | D:3      | XOM: god gift: oblong hardcover book {god gift}
  3811 | D:3      | Learned a level 2 spell: Passwall
  3891 | D:4      | Reached skill level 9 in Polearms
  3920 | D:4      | XOM: cast spell 'Summon Mana Viper'
  3975 | D:4      | Reached XP level 7. HP: 47/56 MP: 7/7
  4270 | D:4      | XOM: god gift: 28 gold pieces
  4435 | D:4      | Reached skill level 10 in Polearms
  4467 | D:4      | XOM: cast spell 'Alistair's Intoxication'
  4471 | D:4      | XOM: noise
  4486 | D:4      | XOM: divination: magic mapping
  4489 | D:4      | XOM: confuse monster(s)
  4490 | D:4      | XOM: cleaving
  4493 | D:4      | Reached skill level 6 in Fighting
  4614 | D:5      | XOM: noise
  4614 | D:5      | Entered Level 5 of the Dungeon
  4924 | D:5      | Reached skill level 11 in Polearms
  4924 | D:5      | Reached XP level 8. HP: 54/65 MP: 8/8
  4990 | D:5      | XOM: noise
  5294 | D:5      | XOM: give mutations
  5294 | D:5      | Gained mutation: Armour fits poorly on your strangely
                  | shaped body. [Xom's mischief]
  5294 | D:5      | Gained mutation: Your spells are a little easier to cast,
                  | but a little less powerful. [Xom's mischief]
  5294 | D:5      | Gained mutation: You sometimes yell uncontrollably at your
                  | foes. [Xom's mischief]
  5294 | D:5      | Lost mutation: Your spells are a little easier to cast, but
                  | a little less powerful. [Xom's mischief]
  5738 | D:5      | XOM: summons 1 hostile demon
  5785 | D:6      | Reached skill level 7 in Fighting
  5785 | D:6      | Reached skill level 12 in Polearms
  5997 | D:6      | XOM: blink monster(s)
  6095 | D:6      | Reached skill level 3 in Dodging
  6236 | D:6      | XOM: noise
  6395 | D:6      | XOM: divination: magic mapping
  6413 | D:6      | Reached skill level 1 in Throwing
  6413 | D:6      | Reached skill level 1 in Evocations
  6414 | D:6      | XOM: cast spell 'Necromutation'
  6566 | D:6      | Learned a level 2 spell: Blink
  6781 | D:6      | XOM: god gift: 19 sling bullets
  6926 | D:6      | XOM: scenery: summon butterflies
  6965 | D:6      | Found Zin's Purification Station.
  6965 | D:6      | Found a glowing silver altar of Zin.
  6973 | D:6      | Bought a potion of curing for 90 gold pieces
  7052 | D:6      | XOM: scenery: 1 doors close
  7128 | D:7      | Reached XP level 9. HP: 57/72 MP: 9/9
  7229 | D:7      | Reached skill level 2 in Evocations
  7319 | D:7      | Reached skill level 4 in Dodging
  7344 | D:7      | XOM: god gift: 23 stones
  7374 | D:7      | Found Mikeipp's Assorted Antiques.
  7379 | D:7      | Bought a scroll labeled SIYCWICIRU for 29 gold pieces
  7379 | D:7      | Bought a scroll labeled GECHAO COIC for 29 gold pieces
  7379 | D:7      | Bought a glowing helmet for 217 gold pieces
  7379 | D:7      | Bought a scroll labeled BOSIOW ITANU for 29 gold pieces
  7430 | D:7      | Reached skill level 2 in Throwing
  7443 | D:7      | Found a staircase to the Ecumenical Temple.
  7535 | D:7      | XOM: cloud trail
  7558 | D:7      | XOM: god gift: 9 stones
  7565 | D:7      | XOM: draining
  7688 | D:7      | XOM is BORED!
  7966 | D:7      | XOM: summons 5 hostile demons
  8129 | D:8      | Found a runed translucent door.
  8141 | D:8      | Reached skill level 5 in Dodging
  8150 | D:8      | Noticed Tinttamiau's ghost (novice VSFi)
  8341 | D:8      | Found a burning altar of Makhleb.
  8345 | D:8      | Reached skill level 3 in Evocations
  8424 | D:8      | XOM: summons 1 hostile demon
  8477 | D:8      | Reached skill level 3 in Throwing
  8710 | D:8      | XOM: scenery: create altars
  8778 | D:8      | Reached skill level 8 in Fighting
  8791 | D:8      | XOM: summons 9 friendly demons
  8996 | D:8      | XOM: smoke on damage
  9007 | D:8      | Reached skill level 13 in Polearms
  9180 | D:9      | Found a staircase to the Lair.
  9244 | D:9      | XOM: enchant monster (good)
  9246 | D:9      | Reached skill level 6 in Dodging
  9397 | D:9      | Got a crude war axe
  9398 | D:9      | Identified the +6 war axe "Abaogigh" {antimagic, MR+} (You
                  | found it on level 9 of the Dungeon)
  9635 | D:9      | Reached skill level 4 in Evocations
  9643 | D:9      | Found a runed translucent door.
  9643 | D:9      | Noticed a tengu warrior
  9644 | D:9      | Found a runed translucent door.
  9657 | D:9      | Found a runed translucent door.
  9774 | D:9      | Found a staircase to the Orcish Mines.
  9808 | D:9      | XOM: summons 1 hostile demon
  9832 | D:9      | Reached skill level 4 in Throwing
  9832 | D:9      | Reached XP level 10. HP: 82/82 MP: 10/10
  9845 | D:9      | Killed a tengu warrior
  9848 | D:9      | XOM: fog
 10007 | D:8      | XOM: cloud trail
 10207 | D:9      | XOM: god gift: 33 gold pieces
 10388 | D:9      | XOM: 2-stop teleportation journey
 10468 | D:9      | Reached skill level 7 in Dodging
 10578 | D:9      | Reached skill level 9 in Fighting
 10622 | D:9      | Noticed a manticore
 10622 | D:9      | Noticed a white ugly thing
 10626 | D:9      | Found a runed translucent door.
 10640 | D:9      | Noticed a manticore
 10640 | D:9      | Noticed a fire crab
 10657 | D:9      | a manticore changed into a wind drake
 10657 | D:9      | XOM: polymorph manticore -> wind drake
 10677 | D:9      | Reached skill level 5 in Evocations
 10677 | D:9      | XOM: god gift: 2570 gold pieces
 10781 | D:9      | XOM: stat loss: -1 Str (11/13)
 10859 | D:9      | Reached skill level 5 in Throwing
 11087 | D:10     | XOM: stealth player
 11087 | D:10     | Entered Level 10 of the Dungeon
 11092 | D:10     | Noticed Grum
 11225 | D:10     | Reached skill level 14 in Polearms
 11446 | D:9      | XOM: god gift: 24 bolts
 11481 | D:10     | XOM: cleaving
 11495 | D:10     | Reached skill level 8 in Dodging
 11498 | D:10     | Killed Grum
 11628 | D:10     | Noticed a gargoyle
 11630 | D:10     | XOM: fake destruction
 11643 | D:10     | Killed a gargoyle
 11643 | D:10     | Reached skill level 6 in Evocations
 11643 | D:10     | Reached XP level 11. HP: 87/90 MP: 11/11
 11648 | D:10     | Reached skill level 10 in Fighting
 11652 | D:10     | XOM: summons friendly shadow imp
 11658 | D:10     | Reached skill level 1 in Armour
 12032 | D:10     | Found Kaokhoshri's Assorted Antiques.
 12065 | D:10     | Bought a scroll of blinking for 232 gold pieces
 12065 | D:10     | Bought a potion of haste for 310 gold pieces
 12065 | D:10     | Bought a scroll of identify for 62 gold pieces
 12065 | D:10     | Bought a potion of curing for 93 gold pieces
 12093 | D:10     | XOM: silly message
 12211 | D:10     | Reached skill level 2 in Armour
 12486 | D:11     | XOM: potion effect (invisibility)
 12494 | D:11     | XOM: silly message
 12504 | D:11     | Reached skill level 9 in Dodging
 12585 | D:11     | Noticed a six-headed hydra
 12588 | D:11     | XOM: potion effect (brilliance)
 12589 | D:11     | XOM: potion effect (stabbing)
 12605 | D:11     | Killed a six-headed hydra
 12605 | D:11     | Reached skill level 6 in Throwing
 12634 | D:11     | XOM: potion effect (haste)
 12796 | D:11     | XOM: silly message
 12802 | D:11     | Reached skill level 3 in Armour
 12875 | D:11     | Noticed an eight-headed hydra
 12898 | D:11     | Killed an eight-headed hydra
 13168 | D:11     | Noticed a brown ugly thing
 13183 | D:11     | Banished a brown ugly thing
 13275 | D:11     | Reached skill level 10 in Dodging
 13275 | D:11     | Reached skill level 1 in Shields
 13409 | D:11     | XOM: god gift: scroll of fog
 13443 | D:10     | XOM: give mutation
 13443 | D:10     | Gained mutation: Your system is resistant to poisons.
                  | (rPois) [Xom's grace]
 13480 | D:9      | XOM is BORED!
 13480 | D:9      | XOM: give mutations
 13480 | D:9      | Lost mutation: You are clumsy. (Dex -2) [Xom's mischief]
 13480 | D:9      | Lost mutation: Your body sometimes deteriorates upon taking
                  | damage. [Xom's mischief]
 13543 | Lair:1   | Entered Level 1 of the Lair of Beasts
 13626 | Lair:1   | XOM: summons 5 friendly demons
 13630 | Lair:1   | Reached skill level 7 in Throwing
 13671 | Lair:1   | XOM: summons 9 friendly demons
 13714 | Lair:1   | XOM: summons 2 hostile shadow creatures
 13877 | Lair:1   | Reached skill level 2 in Shields
 13933 | Lair:1   | XOM: give mutations
 13933 | Lair:1   | Gained mutation: You have a pair of small horns on your
                  | head. [Xom's grace]
 13933 | Lair:1   | Gained mutation: You are agile. (Dex +2) [Xom's grace]
 14260 | Lair:2   | Found a gate leading to a gauntlet.
 14281 | Gauntlet | Entered a Gauntlet
 14281 | Gauntlet | Found a transporter.
 14281 | Gauntlet | Found a transporter.
 14281 | Gauntlet | Found a transporter.
 14281 | Gauntlet | Noticed a shining eye
 14285 | Gauntlet | Found a transporter.
 14287 | Gauntlet | Found a large runed translucent door.
 14288 | Gauntlet | Found a large runed translucent door.
 14289 | Gauntlet | Found a large runed translucent door.
 14289 | Gauntlet | Found a large runed translucent door.
 14289 | Gauntlet | Found a runed translucent door.
 14290 | Gauntlet | Found a large runed translucent door.
 14291 | Gauntlet | Found a large runed translucent door.
 14292 | Gauntlet | Found a large runed translucent door.
 14292 | Gauntlet | Found a large runed translucent door.
 14293 | Gauntlet | Found a runed translucent gate.
 14294 | Gauntlet | Found a transporter.
 14294 | Gauntlet | Found a transporter.
 14294 | Gauntlet | Found a runed translucent gate.
 14294 | Gauntlet | Noticed a soul eater
 14294 | Gauntlet | Noticed a fire crab
 14295 | Gauntlet | Found a transporter.
 14296 | Gauntlet | Found a transporter.
 14299 | Gauntlet | Found a transporter.
 14300 | Gauntlet | Found a transporter.
 14301 | Gauntlet | Found a runed translucent gate.
 14301 | Gauntlet | Found a runed translucent door.
 14305 | Gauntlet | Found a large runed translucent door.
 14310 | Gauntlet | Noticed a dire elephant
 14353 | Gauntlet | Reached skill level 4 in Armour
 14353 | Gauntlet | Reached XP level 12. HP: 97/97 MP: 12/12
 14360 | Gauntlet | Got a pair of shimmering gloves
 14371 | Gauntlet | Identified the cursed +0 pair of gloves "Qeirph" {rPois rC+
                  | Dex+4} (You found it in a Gauntlet)
 14385 | Gauntlet | Reached skill level 3 in Shields
 14393 | Gauntlet | Got a bound silver ring
 14395 | Gauntlet | Identified the ring "Nusoff" {*Drain +Fly rC+ Int+8 Dex-3}
                  | (You found it in a Gauntlet)
 14406 | Gauntlet | Found a transporter.
 14419 | Gauntlet | XOM: silly message
 14464 | Gauntlet | XOM: noise
 14474 | Gauntlet | Identified the +8 glaive of the Purse {flame, +Rage rF-
                  | Int+4 Stlth+}
 14474 | Gauntlet | Noticed a minotaur
 14484 | Gauntlet | XOM: smoke on damage
 14503 | Gauntlet | Found a transporter.
 14505 | Gauntlet | XOM: noise
 14516 | Gauntlet | XOM: divination: detect items
 14534 | Gauntlet | XOM: divination: detect creatures
 14563 | Gauntlet | XOM: potion effect (invisibility)
 14588 | Gauntlet | Killed a minotaur
 14938 | Lair:2   | Reached skill level 11 in Dodging
 14944 | Lair:2   | XOM: divination: detect items
 15233 | Lair:2   | XOM: divination: magic mapping
 15260 | Lair:2   | Reached skill level 8 in Throwing
 15359 | Lair:2   | Reached skill level 4 in Shields
 15374 | Lair:2   | Noticed Fannar
 15382 | Lair:2   | XOM: potion effect (haste)
 15383 | Lair:2   | Killed Fannar
 15397 | Lair:2   | Found a staircase to the Swamp.
 15563 | Lair:2   | Noticed Maggie
 15576 | Lair:2   | Killed Maggie
 15576 | Lair:2   | Reached skill level 5 in Armour
 16092 | Lair:2   | XOM is BORED!
 16169 | Lair:3   | XOM: scenery: 1 doors open
 16173 | Lair:3   | XOM: stat loss: -1 Int (20/21)
 16181 | Lair:3   | XOM: 2-stop teleportation journey
 16211 | Lair:3   | XOM: polymorph white imp -> quasit
 16217 | Lair:3   | XOM: silly message
 16231 | Lair:3   | Found a frozen archway.
 16232 | Lair:3   | Reached skill level 5 in Shields
 16257 | IceCv    | Entered an ice cave
 16261 | IceCv    | XOM: divination: magic mapping
 16374 | IceCv    | XOM: blink monster(s)
 16388 | IceCv    | XOM: draining
 16395 | IceCv    | Reached skill level 12 in Dodging
 16405 | IceCv    | Reached skill level 9 in Throwing
 16662 | IceCv    | Reached skill level 6 in Shields
 16794 | IceCv    | XOM: divination: detect items
 16803 | IceCv    | Reached XP level 13. HP: 96/103 MP: 13/13
 16910 | IceCv    | Noticed a frost giant
 16915 | IceCv    | Reached skill level 7 in Shields
 16915 | IceCv    | Killed a frost giant
 16915 | IceCv    | Reached skill level 10 in Throwing
 17579 | Lair:3   | XOM: summons friendly quasit
 17750 | Lair:3   | XOM: fog
 17757 | Lair:3   | XOM: confuse monster(s)
 17776 | Lair:3   | Reached skill level 8 in Shields
 17786 | Lair:3   | XOM: 3-stop teleportation journey
 17787 | Lair:3   | XOM: 2-stop teleportation journey
 17810 | Lair:3   | XOM: silly message
 18005 | Lair:3   | XOM: give mutations
 18005 | Lair:3   | Gained mutation: You are partially covered in thin metallic
                  | scales. (AC +2) [Xom's grace]
 18005 | Lair:3   | Gained mutation: Your mind is acute. (Int +2) [Xom's grace]
 18413 | Lair:4   | Noticed an ice dragon
 18425 | Lair:4   | XOM: swap monsters
 18431 | Lair:4   | Banished an ice dragon
 18446 | Lair:4   | XOM: scenery: summon butterflies
 18634 | Lair:4   | XOM: god gift: 8 javelins
 18701 | Lair:4   | XOM: enchant monster (bad)
 18739 | Lair:4   | XOM: give mutation
 18739 | Lair:4   | Gained mutation: You passively map a small area around you.
                  | [Xom's grace]
 18863 | Lair:4   | XOM: 3-stop teleportation journey
 18946 | Lair:4   | XOM: give mutations
 18946 | Lair:4   | Lost mutation: You are agile. (Dex +2) [Xom's mischief]
 18946 | Lair:4   | Lost mutation: Armour fits poorly on your strangely shaped
                  | body. [Xom's mischief]
 18946 | Lair:4   | Lost mutation: You possess an exceptional clarity of mind.
                  | [Xom's mischief]
 18946 | Lair:4   | Lost mutation: Your mind is acute. (Int +2) [Xom's
                  | mischief]
 18953 | Lair:4   | Found a hole to the Spider Nest.
 18956 | Lair:4   | XOM: 1-stop teleportation journey
 18962 | Lair:4   | XOM: polymorph redback -> torpor snail
 18964 | Lair:4   | XOM: divination: detect items
 18976 | Lair:4   | Reached skill level 11 in Throwing
 19014 | Lair:4   | XOM: god gift: shimmering plate armour {god gift}
 19295 | Lair:4   | XOM: divination: detect items
 19303 | Lair:4   | Reached skill level 9 in Shields
 19780 | Lair:5   | XOM: polymorph hell rat -> apocalypse crab
 19798 | Lair:5   | XOM: god gift: chain mail {god gift}
 19953 | Lair:5   | XOM: blink monster(s)
 20266 | Lair:5   | XOM: summons 4 hostile shadow creatures
 20298 | Lair:5   | XOM: enchant monster (bad)
 20304 | Lair:5   | XOM: 1-stop teleportation journey
 20308 | Lair:5   | Noticed an entropy weaver
 20309 | Lair:5   | XOM: fog
 20330 | Lair:5   | XOM: noise
 20335 | Lair:5   | Noticed Sonja
 20346 | Lair:5   | XOM: enchant monster (bad)
 20347 | Lair:5   | Noticed Sonja
 20347 | Lair:5   | Sonja changed into Sonja the eye of draining
 20366 | Lair:5   | Killed Sonja the eye of draining
 20535 | Lair:5   | Noticed an entropy weaver
 20542 | Lair:5   | XOM: confusion
 20552 | Lair:5   | Banished an entropy weaver
 20552 | Lair:5   | Reached skill level 10 in Shields
 20552 | Lair:5   | Reached XP level 14. HP: 84/110 MP: 14/14
 20629 | Lair:5   | Killed an entropy weaver
 20629 | Lair:5   | Reached skill level 12 in Throwing
 20962 | Lair:5   | XOM: stat loss: -1 Int (20/21)
 21038 | Lair:5   | XOM: fog
 21237 | Lair:5   | XOM: summons 3 hostile demons
 21371 | Lair:6   | Entered Level 6 of the Lair of Beasts
 21398 | Lair:6   | Reached skill level 11 in Shields
 21398 | Lair:6   | XOM: 2-stop teleportation journey
 21574 | Lair:6   | XOM: chaos cloud
 21578 | Lair:6   | Noticed an emperor scorpion
 21578 | Lair:6   | a death yak changed into an emperor scorpion
 21584 | Lair:6   | XOM: summons 3 friendly demons
 21610 | Lair:6   | Banished an emperor scorpion
 21847 | Lair:6   | XOM: 1-stop teleportation journey
 21879 | Lair:6   | Found a staircase to the Slime Pits.
 21879 | Lair:6   | Found a viscous altar of Jiyva.
 21895 | Lair:6   | XOM: divination: detect creatures
 21897 | Lair:6   | Reached skill level 12 in Shields
 22012 | Lair:6   | XOM: confuse monster(s)
 22158 | Lair:6   | XOM: silly message
 22178 | Lair:6   | XOM: noise
 22252 | Lair:6   | Noticed a dire elephant
 22263 | Lair:6   | XOM: enchant monster (bad)
 22267 | Lair:6   | Banished a dire elephant
 22267 | Lair:6   | Reached skill level 13 in Shields
 22268 | Lair:6   | XOM: enchant monster (good)
 22321 | Lair:6   | Identified the ring "Hipleseg" {Str+2 Dex+3 SInv Stlth+}
                  | (You found it on level 6 of the Lair of Beasts)
 22403 | Lair:6   | XOM: cast spell 'Summon Horrible Things'
 22834 | Orc:1    | Entered Level 1 of the Orcish Mines
 22850 | Orc:1    | Noticed a stone giant
 22851 | Orc:1    | XOM: butterfly on damage
 22885 | Orc:1    | XOM: summons friendly quasit
 22890 | Orc:1    | XOM: destruction
 22895 | Orc:1    | XOM: fake destruction
 22921 | Orc:1    | XOM: divination: detect creatures
 22926 | Orc:1    | Found a flagged portal.
 22931 | Bailey   | Entered a bailey
 23001 | Bailey   | XOM: cloud trail
 23182 | Bailey   | Identified the +1 ring mail "Coli" {Harm rF++ Int+2 SInv
                  | Stlth+}
 23250 | Bailey   | Identified the amulet "Hosch" {Acrobat rN+ Str+2} (You
                  | found it in a bailey)
 23269 | Bailey   | XOM: summons 1 hostile demon
 23494 | Orc:1    | XOM: blink monster(s)
 23499 | Orc:1    | XOM: chaos cloud
 23500 | Orc:1    | Noticed Urug
 23522 | Orc:1    | XOM: confusion (+ monsters)
 23523 | Orc:1    | XOM: 1-stop teleportation journey
 23982 | Orc:1    | Found a bloodstained altar of Trog.
 24044 | Orc:1    | Killed a stone giant
 24044 | Orc:1    | Reached skill level 1 in Translocations
 24165 | Orc:1    | XOM: give mutation
 24165 | Orc:1    | Lost mutation: You passively map a small area around you.
                  | [Xom's mischief]
 24326 | Orc:1    | Killed Urug
 24556 | Orc:1    | XOM: give mutations
 24556 | Orc:1    | Lost mutation: Your flesh is heat resistant. (rF+) [Xom's
                  | mischief]
 24556 | Orc:1    | Lost mutation: You sometimes yell uncontrollably at your
                  | foes. [Xom's mischief]
 24556 | Orc:1    | Gained mutation: Your body sometimes deteriorates upon
                  | taking damage. [Xom's mischief]
 24556 | Orc:1    | Lost mutation: You occasionally shout uncontrollably at
                  | your foes. [Xom's mischief]
 24664 | D:10     | Bought a glowing trident for 201 gold pieces
 24761 | Orc:2    | Entered Level 2 of the Orcish Mines
 24761 | Orc:2    | Found Iteu's Armour Shop.
 24819 | Orc:1    | Reached XP level 15. HP: 113/115 MP: 5/15
 24841 | Orc:2    | XOM: give mutations
 24841 | Orc:2    | Gained mutation: Your spells are a little easier to cast,
                  | but a little less powerful. [Xom's mischief]
 24841 | Orc:2    | Lost mutation: Your spells are a little easier to cast, but
                  | a little less powerful. [Xom's mischief]
 24865 | Orc:2    | XOM: silly message
 25186 | Orc:2    | Noticed an orc warlord
 25193 | Orc:2    | XOM: confusion
 25198 | Orc:2    | Killed an orc warlord
 25198 | Orc:2    | Reached skill level 2 in Translocations
 25500 | Orc:2    | XOM: scenery: create altars
 25570 | Orc:2    | XOM is BORED!
 25570 | Orc:2    | XOM: summons 8 hostile demons
 25749 | Orc:2    | XOM: scenery: create altars
 25891 | Orc:2    | XOM: enchant monster (good)
 25971 | Orc:1    | XOM: divination: magic mapping
 26286 | Orc:2    | XOM: fake destruction
 26287 | Orc:2    | XOM: god gift: 1020 gold pieces
 26297 | Orc:2    | XOM: divination: detect creatures
 26346 | Orc:2    | XOM: scenery: create altars
 26376 | Orc:2    | XOM: give mutation
 26376 | Orc:2    | Gained mutation: You are partially covered in yellow
                  | scales. (AC +2) [Xom's grace]
 26441 | Orc:2    | Noticed an orc warlord
 26446 | Orc:2    | XOM: destruction
 26452 | Orc:2    | Found a staircase to the Elven Halls.
 26452 | Orc:2    | XOM: 9-stop teleportation journey
 26452 | Orc:2    | Killed an orc warlord
 26481 | Orc:2    | XOM: summons 15 friendly demons
 26506 | Orc:2    | Reached skill level 14 in Shields
 26557 | Orc:2    | XOM: god gift: scroll of enchant armour
 26623 | Orc:2    | XOM: confuse monster(s)
 26639 | Orc:2    | Reached skill level 3 in Translocations
 26695 | Orc:2    | XOM: cast spell 'Metabolic Englaciation'
 26894 | Orc:2    | XOM: fog
 26997 | Orc:2    | XOM: confuse monster(s)
 27168 | Orc:2    | Found Vogh's General Store.
 27169 | Orc:2    | Found Ocvaylem's Book Shoppe.
 27170 | Orc:2    | Found Yskutufy's Antique Armour Emporium.
 27170 | Orc:2    | Found Vynoanue's Antique Weapon Emporium.
 27184 | Orc:2    | Bought a potion of curing for 36 gold pieces
 27184 | Orc:2    | Bought a scroll of immolation for 42 gold pieces
 27184 | Orc:2    | Bought a potion of cancellation for 96 gold pieces
 27227 | Orc:2    | XOM: swap monsters
 27662 | D:12     | XOM: noise
 27684 | D:12     | XOM: silly message
 27717 | D:12     | XOM: potion effect (brilliance)
 27723 | D:12     | Reached skill level 11 in Fighting
 27730 | D:12     | XOM: swap monsters
 27744 | D:12     | XOM: enchant monster (good)
 27874 | D:11     | XOM: stat loss: -1 Int (19/21)
 27877 | D:12     | XOM: smoke on damage
 27887 | D:11     | XOM: god gift: 6 boomerangs
 28331 | D:12     | XOM is BORED!
 28443 | D:12     | Noticed Kirke
 28444 | D:12     | XOM: divination: detect creatures
 28446 | D:12     | XOM: summons 3 friendly demons
 28458 | D:12     | Killed Kirke
 28631 | D:12     | XOM: give mutation
 28631 | D:12     | Gained mutation: You are dopey. (Int -2) [Xom's mischief]
 28991 | D:13     | XOM: silly message
 28992 | D:13     | XOM: cast spell 'Shadow Creatures'
 28999 | D:13     | Reached skill level 4 in Translocations
 29081 | D:13     | XOM: give mutation
 29081 | D:13     | Gained mutation: You are partially covered in iridescent
                  | scales. (AC +2) [Xom's grace]
 29125 | D:13     | XOM: god gift: 21 gold pieces
 29261 | D:13     | XOM: summons 4 hostile demons
 29306 | D:13     | Identified a scroll of acquirement
 29307 | D:13     | Acquired a +3 demon trident of venom
 29385 | D:13     | Acquired a +2 hat of see invisible
 29764 | D:13     | XOM: cleaving
 29778 | D:13     | XOM: summons friendly ufetubus
 29782 | D:13     | XOM: enchant monster (bad)
 29795 | D:13     | XOM: polymorph ufetubus -> shadow imp
 29801 | D:13     | Reached skill level 13 in Throwing
 30020 | D:13     | XOM: give mutations
 30020 | D:13     | Lost mutation: You have a pair of small horns on your head.
                  | [Xom's mischief]
 30020 | D:13     | Gained mutation: Your spells are a little easier to cast,
                  | but a little less powerful. [Xom's mischief]
 30020 | D:13     | Gained mutation: You are very dopey. (Int -4) [Xom's
                  | mischief]
 30020 | D:13     | Lost mutation: You are very dopey. (Int -4) [Xom's
                  | mischief]
 30350 | D:13     | XOM: noise
 30567 | D:14     | Found a gate to the Vaults.
 30570 | D:14     | Noticed an azure jelly
 30574 | D:14     | XOM: potion effect (brilliance)
 30580 | D:14     | Killed an azure jelly
 30598 | D:14     | Reached XP level 16. HP: 96/127 MP: 16/16
 30652 | D:14     | Reached skill level 5 in Translocations
 30734 | D:14     | XOM: silly message
 30799 | D:14     | Reached skill level 12 in Fighting
 30851 | D:14     | XOM: silly message
 30914 | D:14     | XOM: noise
 30927 | D:14     | XOM: potion effect (might)
 31013 | D:14     | You fall into a shaft and drop 1 floor!
 31013 | D:15     | Entered Level 15 of the Dungeon
 31013 | D:15     | XOM: potion effect (berserk rage)
 31251 | D:15     | XOM: silly message
 31252 | D:15     | XOM: enchant monster (good)
 31281 | D:15     | XOM: divination: detect creatures
 31490 | D:15     | XOM: 5-stop teleportation journey
 31502 | D:15     | XOM: confusion (+ monsters)
 31503 | D:15     | XOM: enchant monster (bad)
 31521 | D:15     | XOM: polymorph ogre mage -> snapping turtle
 31528 | D:15     | XOM: blink monster(s)
 31529 | D:15     | Reached skill level 15 in Shields
 31695 | D:15     | XOM: divine lightning
 31901 | D:15     | Found a staircase to the Depths.
 31937 | D:15     | XOM: polymorph eye of draining -> rime drake
 32030 | D:15     | XOM: god gift: 24 stones
 32059 | D:15     | XOM: scenery: 1 doors open, 4 doors close
 32449 | D:9      | XOM: divination: detect creatures
 32612 | D:14     | XOM: 1-stop teleportation journey
 32656 | D:14     | XOM: noise
 32702 | D:14     | XOM: silly message
 33360 | Swamp:1  | Entered Level 1 of the Swamp
 33379 | Swamp:1  | Reached skill level 14 in Throwing
 33472 | Swamp:1  | XOM: 2-stop teleportation journey
 33474 | Swamp:1  | XOM: divination: magic mapping
 33570 | Swamp:1  | XOM: 1-stop teleportation journey
 33665 | Swamp:1  | XOM: potion effect (brilliance)
 33701 | Swamp:1  | Noticed Nikola
 33709 | Swamp:1  | Reached skill level 1 in Spellcasting
 33720 | Swamp:1  | Reached skill level 13 in Fighting
 33724 | Swamp:1  | Killed Nikola
 33727 | Swamp:1  | XOM: noise
 33728 | Swamp:1  | Reached skill level 2 in Spellcasting
 33753 | Swamp:1  | XOM: enchant monster (bad)
 33808 | Swamp:1  | XOM: give mutations
 33808 | Swamp:1  | Lost mutation: Your body sometimes deteriorates upon taking
                  | damage. [Xom's mischief]
 33808 | Swamp:1  | Gained mutation: Your body sometimes deteriorates upon
                  | taking damage. [Xom's mischief]
 34124 | Swamp:1  | XOM: enchant monster (good)
 34287 | Swamp:1  | XOM: 3-stop teleportation journey
 34302 | Swamp:1  | Reached XP level 17. HP: 118/137 MP: 20/20
 34377 | Swamp:1  | XOM: 1-stop teleportation journey
 34393 | Swamp:1  | XOM: polymorph alligator -> ghost moth
 34557 | Swamp:1  | XOM: noise
 35230 | Swamp:2  | Reached skill level 3 in Spellcasting
 35255 | Swamp:2  | XOM: give mutations
 35255 | Swamp:2  | Gained mutation: You are clumsy. (Dex -2) [Xom's mischief]
 35255 | Swamp:2  | Gained mutation: Your magical capacity is low. (-10% MP)
                  | [Xom's mischief]
 35255 | Swamp:2  | Lost mutation: Your magical capacity is low. (-10% MP)
                  | [Xom's mischief]
 35404 | Swamp:2  | XOM: summons 1 hostile demon
 35639 | Swamp:2  | XOM: confusion
 35843 | Swamp:2  | Reached skill level 13 in Dodging
 35843 | Swamp:2  | XOM: fog
 35844 | Swamp:2  | XOM: cleaving
 35846 | Swamp:2  | XOM: cleaving
 35856 | Swamp:2  | XOM: polymorph shambling mangrove -> thorn hunter
 35858 | Swamp:2  | XOM: summons 16 friendly demons
 35939 | Swamp:2  | XOM: polymorph alligator -> shapeshifter
 35979 | Swamp:2  | Reached skill level 6 in Armour
 36245 | Swamp:3  | Noticed Aizul
 36259 | Swamp:3  | XOM: enchant monster (good)
 36263 | Swamp:3  | Killed Aizul
 36430 | Swamp:3  | XOM: god gift: wand of clouds (5)
 36434 | Swamp:3  | XOM: scenery: create altars
 36665 | Swamp:3  | XOM: summons 4 friendly demons
 36771 | Swamp:3  | XOM: polymorph alligator -> ettin
 36988 | Swamp:3  | XOM: divine lightning
 36997 | Swamp:3  | Reached skill level 4 in Spellcasting
 37084 | Swamp:3  | XOM: give mutations
 37084 | Swamp:3  | Lost mutation: You are dopey. (Int -2) [Xom's grace]
 37084 | Swamp:3  | Gained mutation: Your flesh is heat resistant. (rF+) [Xom's
                  | grace]
 37084 | Swamp:3  | Gained mutation: You have a pair of small horns on your
                  | head. [Xom's grace]
 37084 | Swamp:3  | Gained mutation: Your flesh is cold resistant. (rC+) [Xom's
                  | grace]
 37201 | Swamp:3  | XOM: cloud trail
 37274 | Swamp:3  | XOM: god gift: 6 atropa-tipped darts
 37342 | Swamp:4  | Entered Level 4 of the Swamp
 37380 | Swamp:4  | XOM: summons 12 friendly demons
 37383 | Swamp:4  | XOM: summons 7 friendly demons
 37399 | Swamp:4  | XOM: enchant monster (good)
 37702 | Swamp:3  | XOM: enchant monster (good)
 37727 | Swamp:3  | XOM: divination: magic mapping
 37797 | Swamp:3  | XOM: enchant monster (bad)
 37950 | Swamp:3  | XOM: polymorph swamp drake -> centaur
 38210 | Swamp:4  | XOM: repel stairs
 38300 | Swamp:4  | XOM: polymorph seven-headed hydra -> great orb of eyes
 38320 | Swamp:4  | Reached skill level 14 in Fighting
 38343 | Swamp:4  | XOM: swap monsters
 38477 | Swamp:4  | XOM: summons 3 hostile shadow creatures
 38481 | Swamp:4  | XOM: divination: detect items
 38497 | Swamp:4  | XOM: cast spell 'Statue Form'
 38646 | Swamp:4  | XOM: silly message
 38729 | Swamp:4  | XOM: confuse monster(s)
 38762 | Swamp:4  | Reached XP level 18. HP: 119/146 MP: 24/24
 38886 | Swamp:4  | Noticed the 27-headed Lernaean hydra
 38888 | Swamp:4  | XOM: summons friendly white imp
 38889 | Swamp:4  | XOM: smoke on damage
 38900 | Swamp:4  | Killed the 27-headed Lernaean hydra
 38900 | Swamp:4  | Reached skill level 14 in Dodging
 39042 | Swamp:4  | XOM: stat loss: -1 Str (18/19)
 39232 | Swamp:4  | Got a decaying rune of Zot
 39506 | Spider:1 | Entered Level 1 of the Spider Nest
 39508 | Spider:1 | XOM: summons 10 hostile demons
 39511 | Spider:1 | Noticed Jorgrun
 39637 | Lair:4   | Reached skill level 15 in Throwing
 39641 | Lair:4   | Reached skill level 7 in Armour
 39720 | Lair:4   | Killed Jorgrun
 39720 | Lair:4   | Reached skill level 16 in Shields
 39739 | Spider:1 | XOM: polymorph orb spider -> shapeshifter
 39988 | Spider:1 | XOM: scenery: create altars
 40343 | Spider:1 | XOM: scenery: summon butterflies
 40354 | Spider:1 | XOM: polymorph butterfly -> gnoll
 40363 | Spider:1 | XOM: enchant monster (bad)
 40513 | Spider:1 | XOM: cloud trail
 40590 | Spider:1 | XOM: summons friendly iron imp
 40677 | Spider:1 | XOM: polymorph iron imp -> shadow imp
 40830 | Spider:1 | XOM: cast spell 'Alistair's Intoxication'
 41176 | Spider:1 | XOM: summons friendly white imp
 41185 | Spider:1 | XOM: confuse monster(s)
 41194 | Spider:1 | XOM: silly message
 41354 | Spider:2 | XOM: noise
 41539 | Spider:2 | XOM: noise
 41648 | Spider:2 | XOM: give mutations
 41648 | Spider:2 | Lost mutation: You are weak. (Str -2) [Xom's grace]
 41648 | Spider:2 | Gained mutation: You expend magic power (3 MP) to
                  | strengthen your wands. [Xom's grace]
 41929 | Spider:2 | Noticed Roxanne
 41950 | Spider:2 | Noticed Arachne
 41955 | Spider:2 | XOM: summons friendly quasit
 41968 | Spider:2 | XOM: confuse monster(s)
 41975 | Spider:2 | Killed Arachne
 41983 | Spider:2 | XOM: polymorph redback -> cyclops
 42257 | Spider:2 | XOM: summons 4 friendly demons
 42266 | Spider:2 | XOM: give mutation
 42266 | Spider:2 | Gained mutation: You have an increased reservoir of magic.
                  | (+10% MP) [Xom's grace]
 42274 | Spider:2 | Killed Roxanne
 42274 | Spider:2 | Reached skill level 15 in Dodging
 42670 | Spider:2 | XOM: give mutations
 42670 | Spider:2 | Lost mutation: You have a pair of small horns on your head.
                  | [Xom's mischief]
 42670 | Spider:2 | Gained mutation: Scrolls take you a little longer to read.
                  | [Xom's mischief]
 42706 | Spider:2 | XOM: summons 5 hostile demons
 42730 | Spider:3 | XOM is BORED!
 42730 | Spider:3 | XOM: polymorph emperor scorpion -> alligator snapping
                  | turtle
 42811 | Spider:3 | XOM: confuse monster(s)
 42877 | Spider:3 | Reached skill level 8 in Armour
 42887 | Spider:3 | XOM: cast spell 'Summon Dragon'
 42989 | Spider:3 | Reached XP level 19. HP: 154/154 MP: 27/27
 42994 | Spider:3 | XOM: 3-stop teleportation journey
 43083 | Spider:3 | Reached skill level 15 in Fighting
 43230 | Spider:3 | XOM: 2-stop teleportation journey
 43233 | Spider:3 | Acquired a manual of Spellcasting
 43284 | Spider:3 | XOM: scenery: create altars
 43376 | Spider:4 | Entered Level 4 of the Spider Nest
 43408 | Spider:4 | XOM: confuse monster(s)
 43708 | Spider:4 | XOM: scenery: summon butterflies
 43715 | Spider:4 | XOM: summons friendly iron imp
 43885 | Spider:4 | XOM: fog
 43891 | Spider:4 | XOM: enchant monster (bad)
 43958 | Spider:4 | Reached skill level 5 in Spellcasting
 43959 | Spider:4 | XOM: confusion (+ monsters)
 44187 | Spider:4 | XOM: summons friendly iron imp
 44211 | Spider:4 | XOM: cast spell 'Metabolic Englaciation'
 44280 | Spider:4 | Reached skill level 7 in Evocations
 44367 | Spider:4 | Got a gossamer rune of Zot
 44681 | Elf:1    | Entered Level 1 of the Elven Halls
 44685 | Elf:1    | XOM: potion effect (haste)
 44686 | Elf:1    | XOM: confuse monster(s)
 44713 | Elf:1    | XOM: repel stairs
 44748 | Elf:1    | XOM: silly message
 44749 | Elf:1    | XOM: blink monster(s)
 44795 | Orc:2    | XOM: noise
 45016 | Elf:1    | XOM: chaos upgrade
 45304 | Elf:1    | Reached skill level 6 in Spellcasting
 45389 | Elf:1    | XOM: 5-stop teleportation journey
 45399 | Elf:1    | XOM: divination: detect creatures
 45429 | Elf:1    | XOM: potion effect (brilliance)
 45433 | Elf:1    | Reached skill level 16 in Throwing
 45580 | Elf:1    | XOM: noise
 46033 | Elf:1    | XOM: enchant monster (bad)
 46048 | Elf:1    | Noticed Agnes
 46065 | Elf:1    | Killed Agnes
 46187 | Elf:1    | Reached skill level 16 in Dodging
 46213 | Elf:1    | XOM: give mutation
 46213 | Elf:1    | Lost mutation: Scrolls take you a little longer to read.
                  | [Xom's mischief]
 46541 | Elf:1    | XOM: noise
 46787 | Vaults:1 | Entered Level 1 of the Vaults
 46792 | Vaults:1 | XOM: summons 7 friendly demons
 46875 | Vaults:1 | Reached skill level 17 in Shields
 46891 | Vaults:1 | XOM: smoke on damage
 47043 | Vaults:1 | XOM: enchant monster (good)
 47100 | Vaults:1 | XOM: god gift: 9 gold pieces
 47160 | Vaults:1 | XOM: confuse monster(s)
 47169 | Vaults:1 | XOM: confuse monster(s)
 47170 | Vaults:1 | Reached XP level 20. HP: 163/163 MP: 33/33
 47184 | Vaults:1 | XOM: enchant monster (good)
 47187 | D:14     | HP: 7/164 [deep troll[an ironheart preserver] (12)]
 47270 | D:14     | XOM: cloud trail
 47508 | D:14     | XOM: divination: magic mapping
 47518 | D:14     | XOM: silly message
 47534 | D:14     | XOM: divination: detect items
 47535 | D:14     | XOM: noise
 47537 | D:14     | Reached skill level 8 in Evocations
 47989 | Vaults:1 | Reached skill level 9 in Armour
 47995 | Vaults:1 | XOM: enchant monster (bad)
 48007 | Vaults:1 | XOM: noise
 48197 | Vaults:1 | XOM: polymorph orc knight -> lindwurm
 48678 | Vaults:1 | XOM: silly message
 48709 | Vaults:1 | XOM: cast spell 'Summon Ice Beast'
 48726 | Vaults:1 | Found Ampe's Assorted Antiques.
 48838 | Vaults:1 | Bought a scroll of magic mapping for 101 gold pieces
 48838 | Vaults:1 | Bought a wand of enslavement (6) for 58 gold pieces
 48838 | Vaults:1 | Bought a wand of enslavement (8) for 58 gold pieces
 48851 | Vaults:1 | XOM: noise
 48863 | Vaults:1 | XOM: divination: magic mapping
 48884 | Vaults:1 | XOM: confuse monster(s)
 49124 | Vaults:2 | Found a staircase to the Crypt.
 49124 | Vaults:2 | Found an ancient bone altar of Kikubaaqudgha.
 49124 | Vaults:2 | Found a basalt altar of Yredelemnul.
 49157 | Vaults:2 | XOM: divination: magic mapping
 49165 | Vaults:2 | XOM: divination: detect creatures
 49262 | Vaults:2 | Noticed Boris
 49275 | Vaults:2 | XOM: divination: magic mapping
 49287 | Vaults:2 | Reached skill level 16 in Fighting
 49305 | Vaults:2 | XOM: potion effect (curing)
 49317 | Vaults:2 | XOM: silly message
 49322 | Vaults:2 | Killed Boris
 49326 | Vaults:2 | XOM: divination: detect creatures
 49636 | Vaults:2 | XOM: silly message
 49645 | Vaults:2 | XOM: potion effect (stabbing)
 49654 | Vaults:2 | Reached skill level 9 in Evocations
 49844 | Vaults:2 | XOM: enchant monster (good)
 49849 | Vaults:2 | XOM: summons friendly shadow imp
 49888 | Vaults:2 | XOM: summons 3 friendly demons
 49894 | Vaults:2 | XOM: cleaving
 49919 | Vaults:2 | XOM: divination: magic mapping
 50065 | Vaults:2 | XOM: smoke on damage
 50230 | Vaults:2 | XOM: cloud trail
 50364 | Vaults:2 | XOM: 1-stop teleportation journey
 50436 | Vaults:2 | XOM: enchant monster (good)
 50439 | Vaults:2 | Reached skill level 17 in Dodging
 50449 | Vaults:2 | XOM: fog
 50623 | Vaults:2 | XOM: cleaving
 50646 | Vaults:2 | XOM: summons friendly soul eater
 50650 | Vaults:2 | XOM: cleaving
 50667 | Vaults:2 | XOM: summons 8 friendly demons
 50808 | Vaults:2 | XOM is BORED!
 50808 | Vaults:2 | XOM: polymorph soul eater -> demonic crawler
 50968 | Vaults:2 | XOM: summons friendly chaos spawn
 50976 | Vaults:2 | Reached XP level 21. HP: 143/172 MP: 34/34
 51031 | Vaults:2 | XOM: give mutations
 51031 | Vaults:2 | Gained mutation: Your body often deteriorates upon taking
                  | damage. [Xom's mischief]
 51031 | Vaults:2 | Gained mutation: Scrolls take you a little longer to read.
                  | [Xom's mischief]
 51281 | Vaults:2 | XOM: give mutations
 51281 | Vaults:2 | Gained mutation: You are somewhat resistant to further
                  | mutation. [Xom's mischief]
 51281 | Vaults:2 | Lost mutation: Your spells are a little easier to cast, but
                  | a little less powerful. [Xom's mischief]
 51353 | Vaults:2 | XOM: cast spell 'Necromutation'
 51462 | Vaults:2 | XOM: summons 3 hostile shadow creatures
 51714 | Vaults:3 | XOM: confuse monster(s)
 51752 | Vaults:3 | XOM: scenery: 1 doors open, 1 doors close
 51798 | Vaults:3 | XOM: god gift: hardcover book {god gift}
 51908 | Vaults:3 | You fall into a shaft and drop 1 floor!
 51932 | Vaults:4 | XOM: smoke on damage
 51946 | Vaults:4 | XOM: summons friendly ufetubus
 52215 | Vaults:4 | XOM: summons 4 friendly demons
 52301 | Vaults:4 | XOM: summons friendly white imp
 52346 | Vaults:4 | XOM: cast spell 'Alistair's Intoxication'
 52354 | Vaults:4 | XOM: fog
 52361 | Vaults:4 | XOM: silly message
 52365 | Vaults:4 | XOM: noise
 52374 | Vaults:4 | Reached skill level 10 in Armour
 52374 | Vaults:4 | Reached skill level 10 in Evocations
 52387 | Vaults:4 | XOM: blink monster(s)
 52547 | Vaults:4 | XOM: 4-stop teleportation journey
 52551 | Vaults:4 | Noticed Sojobo
 52563 | Vaults:4 | XOM: stat loss: -1 Str (21/22)
 52763 | Vaults:3 | XOM: polymorph ice dragon -> great orb of eyes
 52764 | Vaults:3 | XOM: silly message
 52955 | Vaults:3 | XOM: fog
 53109 | Vaults:3 | XOM: 7-stop teleportation journey
 53110 | Vaults:3 | XOM: noise
 53221 | Vaults:3 | XOM: scenery: 1 doors open
 53225 | Vaults:3 | XOM: give mutations
 53225 | Vaults:3 | Lost mutation: You are partially covered in yellow scales.
                  | (AC +2) [Xom's mischief]
 53225 | Vaults:3 | Lost mutation: Your flesh is heat resistant. (rF+) [Xom's
                  | mischief]
 53225 | Vaults:3 | Gained mutation: You passively map a small area around you.
                  | [Xom's mischief]
 53225 | Vaults:3 | Lost mutation: Your body often deteriorates upon taking
                  | damage. [Xom's mischief]
 53492 | Vaults:3 | Noticed Boris
 53511 | Vaults:3 | Found a runed translucent door.
 53512 | Vaults:3 | Noticed Xeobi's ghost (adept GrFi)
 53627 | Vaults:3 | XOM: noise
 53756 | Vaults:3 | XOM: silly message
 53763 | Vaults:4 | XOM: silly message
 54116 | Vaults:3 | Reached skill level 18 in Shields
 54196 | Vaults:3 | XOM: divination: detect creatures
 54199 | Vaults:3 | XOM: cast spell 'Call Canine Familiar'
 54209 | Vaults:3 | Killed Boris
 54459 | Vaults:3 | XOM: cloud trail
 54699 | Vaults:3 | XOM: silly message
 54829 | Vaults:3 | XOM: divination: detect creatures
 54848 | Vaults:3 | Reached skill level 17 in Fighting
 54851 | Vaults:3 | XOM: summons 9 friendly demons
 54895 | Vaults:3 | Found Vapyst's General Store.
 54903 | Vaults:3 | Bought a potion of curing for 45 gold pieces
 54903 | Vaults:3 | Bought a scroll of immolation for 52 gold pieces
 54903 | Vaults:3 | Bought a scroll of enchant armour for 112 gold pieces
 54903 | Vaults:3 | Bought the +8 mithril axe "Arga" {speed, MR+} for 969 gold
                  | pieces
 54903 | Vaults:3 | Found the +8 mithril axe "Arga" {speed, MR+}
 55021 | Vaults:3 | Reached skill level 18 in Dodging
 55240 | Vaults:4 | XOM: swap monsters
 55428 | Vaults:4 | XOM: enchant monster (good)
 55515 | Vaults:4 | XOM: enchant monster (bad)
 55518 | Vaults:4 | XOM: noise
 55520 | Vaults:4 | XOM: blink monster(s)
 55528 | Vaults:4 | XOM: chaos upgrade
 55549 | Vaults:4 | XOM: 1-stop teleportation journey
 55555 | Vaults:4 | XOM: noise
 55584 | Vaults:4 | Reached skill level 11 in Evocations
 55598 | Vaults:4 | XOM: 1-stop teleportation journey
 55618 | Vaults:4 | XOM: draining
 55781 | Vaults:3 | XOM: give mutations
 55781 | Vaults:3 | Lost mutation: Scrolls take you a little longer to read.
                  | [Xom's mischief]
 55781 | Vaults:3 | Lost mutation: Your body sometimes deteriorates upon taking
                  | damage. [Xom's mischief]
 55781 | Vaults:3 | Gained mutation: Potions are less effective at restoring
                  | your health. [Xom's mischief]
 56012 | Vaults:4 | XOM: summons 2 hostile shadow creatures
 56056 | Vaults:4 | Reached XP level 22. HP: 169/182 MP: 35/35
 56058 | Vaults:4 | XOM: cleaving
 56084 | Vaults:4 | XOM: 1-stop teleportation journey
 56103 | Vaults:4 | XOM: stat loss: -1 Str (21/22)
 56231 | Vaults:4 | XOM: divination: detect items
 56237 | Vaults:4 | XOM: chaos upgrade
 56359 | Vaults:4 | XOM: swap monsters
 56374 | Vaults:4 | XOM: chaos upgrade
 56420 | Vaults:4 | XOM: confusion (+ monsters)
 56422 | Vaults:4 | XOM: summons 16 friendly demons
 56445 | Vaults:4 | XOM: enchant monster (bad)
 56509 | Vaults:4 | XOM: silly message
 56511 | Vaults:4 | XOM: 9-stop teleportation journey
 56536 | Vaults:4 | Killed Sojobo
 56599 | Vaults:4 | XOM: summons 6 hostile demons
 57066 | Vaults:4 | XOM: give mutations
 57066 | Vaults:4 | Lost mutation: Your flesh is cold resistant. (rC+) [Xom's
                  | mischief]
 57066 | Vaults:4 | Lost mutation: You are somewhat resistant to further
                  | mutation. [Xom's mischief]
 57066 | Vaults:4 | Gained mutation: Your body sometimes deteriorates upon
                  | taking damage. [Xom's mischief]
 57066 | Vaults:4 | Gained mutation: Your body often deteriorates upon taking
                  | damage. [Xom's mischief]
 57100 | Vaults:4 | XOM: give mutations
 57100 | Vaults:4 | Lost mutation: You passively map a small area around you.
                  | [Xom's mischief]
 57100 | Vaults:4 | Lost mutation: You are partially covered in iridescent
                  | scales. (AC +2) [Xom's mischief]
 57100 | Vaults:4 | Gained mutation: You are dopey. (Int -2) [Xom's mischief]
 57428 | Depths:1 | Entered Level 1 of the Depths
 57431 | Depths:1 | XOM: potion effect (might)
 57438 | D:15     | XOM: silly message
 57541 | Depths:1 | XOM: silly message
 57565 | Depths:1 | XOM: potion effect (might)
 57569 | Depths:1 | XOM: give mutations
 57569 | Depths:1 | Gained mutation: Your natural rate of healing is unusually
                  | fast. [Xom's mischief]
 57569 | Depths:1 | Lost mutation: You expend magic power (3 MP) to strengthen
                  | your wands. [Xom's mischief]
 57569 | Depths:1 | Gained mutation: You evolve. [Xom's mischief]
 57569 | Depths:1 | Lost mutation: Your body often deteriorates upon taking
                  | damage. [Xom's mischief]
 57577 | Depths:1 | XOM: polymorph stone giant -> sphinx
 57580 | Depths:1 | XOM: scenery: create altars
 57599 | Depths:1 | XOM: summons friendly ufetubus
 57608 | Depths:1 | Reached skill level 11 in Armour
 57618 | Depths:1 | Noticed a juggernaut
 57634 | Depths:1 | Killed a juggernaut
 57781 | Depths:1 | Identified the +2 plate armour of the Volcano {rCorr Str+2
                  | Int+4 Dex+4} (You found it on level 1 of the Depths)
 57838 | Depths:1 | XOM: blink monster(s)
 57840 | Depths:1 | XOM: confuse monster(s)
 57854 | Depths:1 | XOM: noise
 57880 | Depths:1 | Identified the amulet of Amelioration {Faith Str+3 Int+6}
                  | (You found it on level 1 of the Depths)
 58011 | Depths:1 | XOM: confusion (+ monsters)
 58044 | Depths:1 | XOM: potion effect (stabbing)
 58062 | Depths:1 | XOM: chaos upgrade
 58074 | Depths:1 | Reached skill level 19 in Dodging
 58080 | Depths:1 | XOM: noise
 58138 | Depths:1 | Found a gateway to Hell.
 58141 | Depths:1 | XOM: confuse monster(s)
 58472 | Depths:1 | XOM: god gift: scroll of random uselessness
 58509 | Depths:1 | XOM: god gift: lightning rod (4/4)
 58606 | Depths:1 | Found a one-way gate leading to the halls of Pandemonium.
 58730 | Depths:2 | XOM: noise
 58753 | Depths:2 | Reached skill level 12 in Evocations
 58767 | Depths:2 | Reached skill level 1 in Axes
 58770 | Depths:2 | XOM: noise
 58780 | Depths:2 | XOM: enchant monster (bad)
 58913 | Depths:2 | Reached skill level 18 in Fighting
 58928 | Depths:2 | XOM: cleaving
 59102 | Depths:2 | XOM: divination: detect creatures
 59121 | Depths:2 | Reached skill level 2 in Axes
 59121 | Depths:2 | Reached XP level 23. HP: 168/190 MP: 36/36
 59146 | Depths:2 | XOM: divination: magic mapping
 59215 | Depths:2 | Gained mutation: You rapidly evolve. [evolution]
 59315 | Depths:2 | XOM: swap monsters
 59349 | Depths:2 | XOM: silly message
 59431 | Depths:2 | XOM: torment (104/189 hp)
 59620 | Depths:2 | XOM: torment (105/189 hp)
 59857 | Depths:2 | XOM: 2-stop teleportation journey
 60439 | Depths:2 | XOM: summons 1 hostile demon
 60499 | Depths:3 | XOM: polymorph stone giant -> shadow dragon
 60507 | Depths:3 | XOM: chaos upgrade
 60518 | Depths:2 | XOM: chaos cloud
 60647 | Depths:3 | Reached skill level 3 in Axes
 60647 | Depths:3 | Reached skill level 19 in Shields
 60655 | Depths:3 | XOM: enchant monster (bad)
 60790 | Depths:3 | XOM: swap monsters
 60805 | Depths:3 | Noticed a caustic shrike
 60807 | Depths:3 | Noticed a caustic shrike
 60808 | Depths:3 | Noticed a caustic shrike
 60809 | Depths:3 | Noticed a caustic shrike
 60814 | Depths:3 | XOM: fake destruction
 60815 | Depths:3 | XOM: repel stairs
 60821 | Depths:3 | Killed a caustic shrike
 60827 | Depths:3 | Killed a caustic shrike
 60832 | Depths:3 | Killed a caustic shrike
 60850 | Depths:3 | Killed a caustic shrike
 60960 | Depths:3 | XOM: summons 2 hostile shadow creatures
 61228 | Depths:3 | XOM: summons 10 hostile demons
 61550 | Depths:4 | Found a one-way gate to the infinite horrors of the Abyss.
 61555 | Depths:4 | Noticed Mennas
 61556 | Depths:4 | XOM: noise
 61574 | Depths:4 | Killed Mennas
 61588 | Depths:4 | Found Nib Wif's Antique Weapon Boutique.
 61625 | Depths:4 | Found a flickering gateway to a bazaar.
 61630 | Bazaar   | Entered a bazaar
 61630 | Bazaar   | Found Biddy's Distillery.
 61630 | Bazaar   | Found Gecow's Jewellery Shoppe.
 61664 | Bazaar   | Found Rihu's Distillery.
 61667 | Bazaar   | Bought a potion of curing for 48 gold pieces
 61667 | Bazaar   | Bought a potion of curing for 48 gold pieces
 61667 | Bazaar   | Bought a potion of haste for 160 gold pieces
 61667 | Bazaar   | Bought a potion of ambrosia for 128 gold pieces
 61673 | Bazaar   | Bought 2 potions of heal wounds for 90 gold pieces
 61673 | Bazaar   | Bought a potion of curing for 27 gold pieces
 61673 | Bazaar   | Bought a potion of haste for 90 gold pieces
 61673 | Bazaar   | Bought a potion of heal wounds for 45 gold pieces
 61673 | Bazaar   | Bought a potion of haste for 90 gold pieces
 61673 | Bazaar   | Bought a potion of curing for 27 gold pieces
 61673 | Bazaar   | Bought a potion of cancellation for 72 gold pieces
 61673 | Bazaar   | Bought a potion of mutation for 72 gold pieces
 61673 | Bazaar   | Bought a potion of invisibility for 72 gold pieces
 61673 | Bazaar   | Bought a potion of ambrosia for 72 gold pieces
 61679 | Bazaar   | Found Ecoin's Assorted Antiques.
 61683 | Bazaar   | Found Hannocke's Antique Armour Boutique.
 61685 | Bazaar   | Bought a potion of heal wounds for 135 gold pieces
 61725 | Bazaar   | Bought the ring "Taneaf" {rF+ rCorr Int+5} for 400 gold
                  | pieces
 61969 | Depths:4 | XOM: chaos cloud
 62035 | Depths:4 | XOM: 1-stop teleportation journey
 62036 | Depths:4 | Noticed Mara
 62051 | Depths:4 | XOM: destruction
 62054 | Depths:4 | XOM: polymorph necromancer -> swamp dragon
 62064 | Depths:4 | XOM: destruction
 62138 | Depths:4 | Noticed EnegeticOcto's illusion
 62148 | Depths:4 | Killed Mara
 62148 | Depths:4 | Reached skill level 4 in Axes
 62277 | Depths:4 | XOM: noise
 62375 | Depths:4 | XOM: cleaving
 62700 | Depths:4 | XOM: cloud trail
 62723 | Depths:4 | XOM: chaos cloud
 62840 | Depths:5 | Entered Level 5 of the Depths
 62923 | Depths:5 | XOM: confuse monster(s)
 62957 | Depths:5 | XOM: polymorph hell knight -> death drake
 62978 | Depths:5 | XOM: summons friendly iron imp
 63175 | Depths:5 | XOM: give mutations
 63175 | Depths:5 | Lost mutation: Your body sometimes deteriorates upon taking
                  | damage. [Xom's mischief]
 63175 | Depths:5 | Lost mutation: You are dopey. (Int -2) [Xom's mischief]
 63193 | Depths:5 | Reached skill level 13 in Evocations
 63287 | Depths:5 | Found a gateway to a ziggurat.
 63308 | Depths:5 | XOM: swap monsters
 63317 | Depths:5 | Reached skill level 20 in Dodging
 63335 | Depths:5 | Identified the amulet of Ribirch {Reflect rElec rN+++ MR-
                  | Str-3 SH+5} (You found it on level 5 of the Depths)
 63344 | Zig:1    | Entered Level 1 of a ziggurat
 63367 | Zig:2    | Entered Level 2 of a ziggurat
 63367 | Zig:2    | XOM: confusion (+ monsters)
 63375 | Zig:2    | Found the +10 tower shield of Ignorance {rN+ Int-4}
 63419 | Zig:2    | Identified the +4 plate armour "Kedunoze" {Int+2} (You
                  | found it on level 2 of a ziggurat)
 63421 | Zig:3    | Entered Level 3 of a ziggurat
 63424 | Zig:3    | Noticed Wexzas the pandemonium lord
 63433 | Zig:3    | XOM: summons 1 hostile demon
 63440 | Zig:3    | Killed Wexzas the pandemonium lord
 63454 | Zig:3    | Reached XP level 24. HP: 198/198 MP: 36/36
 63527 | Zig:3    | XOM: 1-stop teleportation journey
 63575 | Zig:4    | Entered Level 4 of a ziggurat
 63593 | Zig:4    | XOM: polymorph deep elf knight -> torpor snail
 63595 | Zig:4    | Reached skill level 5 in Axes
 63607 | Zig:4    | Got a smoking jade amulet
 63608 | Zig:4    | Identified the amulet of Zimien Sung {Faith rC- rN+ Str+3}
                  | (You found it on level 4 of a ziggurat)
 63618 | Zig:5    | Entered Level 5 of a ziggurat
 63622 | Zig:5    | Noticed a greater mummy
 63627 | Zig:5    | XOM: confuse monster(s)
 63629 | Zig:5    | Reached skill level 12 in Armour
 63633 | Zig:5    | Killed a greater mummy
 63794 | Zig:5    | Identified the +7 plate armour "Zuhi Agu" {rC+ rCorr Dex+3}
                  | (You found it on level 5 of a ziggurat)
 63828 | Depths:5 | XOM: noise
 63832 | Depths:5 | XOM: potion effect (haste)
 63855 | Depths:5 | XOM: potion effect (stabbing)
 63912 | Depths:5 | XOM: 11-stop teleportation journey
 63956 | Depths:5 | XOM: 1-stop teleportation journey
 64067 | Depths:5 | XOM: 2-stop teleportation journey
 64315 | Depths:5 | XOM: divination: magic mapping
 64331 | Depths:5 | XOM: noise
 64353 | Depths:5 | Found a gate to the Realm of Zot.
 64358 | Depths:5 | Gained mutation: You have sharp fingernails. [evolution]
 64358 | Depths:5 | Lost mutation: You rapidly evolve. [decline of evolution]
 64895 | Vaults:5 | Entered Level 5 of the Vaults
 64899 | Vaults:5 | XOM: summons friendly ufetubus
 65223 | Vaults:5 | XOM: destruction
 65438 | Vaults:5 | Identified the +7 great sword "Namn" {holy, rF+++ Int-5
                  | SInv}
 65922 | Vaults:5 | Identified the +5 whip "Kokolot" {flame, rElec MR+ Dex-3}
 65932 | Vaults:5 | Reached skill level 19 in Fighting
 66035 | Vaults:5 | Acquired 2360 gold pieces
 66066 | Vaults:5 | Identified the cursed ring of Knowledge {Str-4 Dex+2}
 66076 | Vaults:5 | Identified the +6 tower shield of Tixtom {rF- Regen+ rCorr
                  | Dex+5}
 66117 | Vaults:5 | XOM: god gift: wand of digging (5)
 66163 | Vaults:5 | Identified the +4 scale mail of Fanaticism {Int+4}
 66182 | Vaults:5 | Reached skill level 6 in Axes
 66189 | Vaults:5 | Got a silver rune of Zot
 66294 | Vaults:5 | XOM: scenery: create altars
 66295 | Vaults:5 | XOM: blink monster(s)
 66304 | Vaults:5 | XOM: blink monster(s)
 66306 | Vaults:5 | XOM: blink monster(s)
 66334 | Vaults:5 | Identified the ring of Duovion {+Fly rElec Slay+4}
 66340 | Vaults:5 | XOM: fog
 66351 | Vaults:5 | XOM: chaos upgrade
 66361 | Vaults:5 | XOM: summons 2 hostile demons
 66366 | Vaults:5 | XOM: destruction
 66384 | Vaults:5 | XOM: divination: detect creatures
 66417 | Vaults:5 | Identified the +4 spear of Evolution {holy, Str+2}
 66429 | Vaults:5 | XOM: smoke on damage
 66450 | Vaults:5 | Reached skill level 14 in Evocations
 66461 | Vaults:5 | Paralysed by a lich for 6 turns
 66485 | Vaults:5 | Reached skill level 7 in Axes
 66508 | Vaults:5 | Reached XP level 25. HP: 115/202 MP: 36/36
 66512 | Vaults:5 | XOM: summons friendly quasit
 66580 | Vaults:5 | XOM: scenery: create altars
 66673 | Vaults:5 | XOM: god gift: 52 gold pieces
 66771 | Vaults:5 | XOM: noise
 66882 | Vaults:5 | Identified the Grimoire of Hexes
 66884 | Vaults:5 | Identified the Volume of Shifting Beguiling
 66938 | Vaults:5 | Reached skill level 20 in Shields
 66960 | Vaults:5 | XOM: give mutation
 66960 | Vaults:5 | Lost mutation: You are partially covered in thin metallic
                  | scales. (AC +2) [Xom's mischief]
 67048 | Vaults:5 | XOM: chaos upgrade
 67272 | Vaults:5 | XOM: polymorph ironheart preserver -> ironheart preserver
 67302 | Vaults:5 | XOM: god gift: glowing kite shield {god gift}
 67371 | Vaults:5 | XOM: scenery: create altars
 67532 | Vaults:5 | XOM: give mutations
 67532 | Vaults:5 | Gained mutation: You have a considerably increased
                  | reservoir of magic. (+20% MP) [Xom's grace]
 67532 | Vaults:5 | Gained mutation: You have a pair of small antennae on your
                  | head. [Xom's grace]
 67532 | Vaults:5 | Gained mutation: You are partially covered in rugged brown
                  | scales. (AC +1, +3% HP) [Xom's grace]
 67532 | Vaults:5 | Gained mutation: You are resistant to hostile enchantments.
                  | (MR+) [Xom's grace]
 67567 | Vaults:5 | XOM: summons friendly iron imp
 67569 | Vaults:5 | XOM: summons friendly white imp
 67582 | Vaults:5 | Reached skill level 13 in Armour
 67646 | Vaults:5 | Identified the Reference Book on the Poisonous Birds
 67710 | Vaults:5 | Found Puhitt's Jewellery Shoppe.
 67763 | Vaults:5 | XOM: silly message
 67780 | Vaults:5 | Reached skill level 8 in Axes
 67885 | Vaults:5 | XOM: torment (101/216 hp)
 67978 | Vaults:5 | XOM: give mutations
 67978 | Vaults:5 | Lost mutation: You are partially covered in rugged brown
                  | scales. (AC +1, +3% HP) [Xom's mischief]
 67978 | Vaults:5 | Lost mutation: You are clumsy. (Dex -2) [Xom's mischief]
 67978 | Vaults:5 | Lost mutation: You are resistant to hostile enchantments.
                  | (MR+) [Xom's mischief]
 68314 | D:9      | XOM: draining
 68397 | Orc:2    | XOM: draining
 68520 | Elf:2    | Found an ancient bone altar of Kikubaaqudgha.
 68546 | Elf:2    | XOM: swap monsters
 68656 | Elf:2    | XOM: cast spell 'Monstrous Menagerie'
 68674 | Elf:2    | XOM: 1-stop teleportation journey
 68675 | Elf:2    | Noticed Saint Roka
 68679 | Elf:2    | XOM: enchant monster (good)
 68682 | Elf:2    | Killed Saint Roka
 68683 | Elf:2    | Reached skill level 20 in Fighting
 68691 | Elf:2    | Found a runed translucent gate.
 68691 | Elf:2    | Found a runed translucent gate.
 68691 | Elf:2    | Found a runed translucent gate.
 68768 | Elf:2    | Reached skill level 15 in Evocations
 68907 | Elf:2    | XOM: cleaving
 68934 | Elf:2    | XOM: divination: detect items
 69148 | Elf:2    | XOM: god gift: 25 gold pieces
 69203 | Elf:3    | Entered Level 3 of the Elven Halls
 69213 | Elf:3    | XOM: god gift: wand of enslavement (9)
 69265 | Elf:3    | XOM: divine lightning
 69413 | Elf:3    | XOM: fog
 69452 | Elf:3    | Reached skill level 9 in Axes
 69513 | Elf:3    | XOM: 3-stop teleportation journey
 70159 | Elf:3    | XOM: scenery: 1 doors close
 70172 | Elf:3    | Identified the +7 glaive of Ravage {protect, rPois Str+5
                  | Dex+3}
 70174 | Elf:3    | XOM: confuse monster(s)
 70181 | Elf:3    | XOM: summons friendly ufetubus
 70192 | Elf:3    | Reached XP level 26. HP: 200/218 MP: 39/39
 70196 | Elf:3    | Reached skill level 10 in Axes
 70210 | Elf:3    | XOM: cleaving
 70215 | Elf:3    | Reached skill level 14 in Armour
 70360 | Elf:3    | Identified the cursed +0 crystal plate armour of Ecsuoc
                  | {rPois rC- Str+5 Dex-5} (You found it on level 3 of the
                  | Elven Halls)
 70374 | Elf:3    | Identified Eqienaaz's Catalogue of Spatial Toxins
 70690 | D:9      | XOM: noise
 70956 | Zot:1    | Entered Level 1 of the Realm of Zot
 70983 | Zot:1    | XOM: confuse monster(s)
 70989 | Zot:1    | XOM: noise
 70991 | Zot:1    | XOM: confuse monster(s)
 71003 | Zot:1    | XOM: confuse monster(s)
 71010 | Zot:1    | XOM: destruction
 71019 | Zot:1    | XOM: noise
 71020 | Zot:1    | XOM: confusion (+ monsters)
 71023 | Zot:1    | XOM: stat loss: -1 Int (18/19)
 71397 | Zot:2    | XOM: polymorph storm dragon -> quicksilver dragon
 71398 | Zot:2    | XOM: blink monster(s)
 71405 | Zot:2    | XOM: scenery: summon butterflies
 71412 | Zot:2    | HP: 11/327 [deathcap[a curse toe] (9)]
 71412 | Zot:2    | Slain by a storm dragon

Illustrated notes

Levels and vault maps discovered:
D:1:      nicolae_arrival_washed_ashore, layout_loops_cross
D:2:      layout_loops_corners, uniq_crazy_yiuf_cottage, uniq_robin,
          uniq_jessica
D:3:      layout_loops_cross, chequers_jeans
D:4:      layout_gridville
D:5:      layout_basic
D:6:      layout_gridville, zin_purify
D:7:      layout_loops_ring, minmay_temple_entry_statues_fountains,
          serial_shops, kennysheep_little_box, minmay_misc_feat_ornament
D:8:      layout_loops_ring, gammafunk_ghost_grave, makhleb_heckhound_becter
D:9:      minmay_the_grid_triangle_9x9_rhombus_full
          [minmay_the_grid_triangle_9x9_zippers_vertical,
          minmay_the_grid_triangle_9x9_warning,
          minmay_the_grid_triangle_9x9_fully_insulated_deathbox,
          minmay_the_grid_triangle_9x9_corrupted_corridor,
          minmay_the_grid_triangle_9x9_cache,
          minmay_the_grid_triangle_9x9_subtriangle,
          minmay_the_grid_triangle_9x9_longest,
          minmay_the_grid_triangle_9x9_prize_center], layout_rooms,
          david_lair_generic, orc_0_dummy, minmay_statues_item
D:10:     layout_small_grid, serial_shops, nicolae_shop_trees, uniq_grum
D:11:     layout_rooms, bh_walls_and_bars
D:12:     layout_loops_ring, uniq_kirke
D:13:     layout_stronghold, minmay_crystal_water
D:14:     layout_stronghold, skrybe_vaults_entry_preservation,
          hangedman_abyss_or_decor_stabs, due_unseen_surprise
D:15:     grunt_enter_depths_magical_seal, layout_basic, minivault_4,
          hangedman_abyss_or_decor_lesser_grid, serial_park_tiny_pond,
          st_stairs_13, grunt_ministairs_6
Lair:1:   layout_misc_corridors, grunt_megastairs_3
Lair:2:   layout_cave_pods, swamp_mist_pool, gauntlet_entry_generic,
          nicolae_volcano_entry_batcave, uniq_fannar, uniq_maggie
Lair:3:   layout_roguey, portal_ice_cave_entry_imps,
          infiniplex_staircase_pool_2, serial_bayou_shore_a
Lair:4:   layout_regular_city, spider_nest_entry_webs, bobbens_ice_dragon_lair,
          lemuel_fruit_fields, serial_bayou_shore_b, minmay_lair_oklob_chamber,
          infiniplex_staircase_pool
Lair:5:   layout_concentric_octagons, minivault_29, grunt_megastairs_2,
          uniq_sonja
Lair:6:   grunt_lair_end_beastmaster, layout_hall_layers, slime_altar_1,
          lemuel_fruit_tree
Swamp:1:  layout_falls_marsh, evilmike_swamp_ruin_house_6, swamp_pool3,
          nicolae_swamp_orc_logging_accident, st_swamp_ruins_2, uniq_nikola
Swamp:2:  layout_falls_marsh, hangedman_swamp_pad
Swamp:3:  layout_falls_marsh, serial_swamp_ruin, hangedman_swamp_ruin_hall,
          hangedman_swamp_ruin_wall, nicolae_swamp_alligator_family, uniq_aizul
Swamp:4:  grunt_swamp_rune_castle, layout_basic_swamp, swamp_pool3
Spider:1: spider_temple_joshua, special_room [special_room_bee], uniq_jorgrun
Spider:2: layout_spider_delve, uniq_roxanne, uniq_arachne
Spider:3: layout_spider_delve
Spider:4: spider_rune_water
Orc:1:    layout_caves, enter_bailey_4, trog_butcher_becter, uniq_urug
Orc:2:    st_orc_congregation, layout_diamond_mine, special_room, serial_shops,
          shop
Elf:1:    layout_gridlike, minivault_28, roderic_lattice_octagonal_star,
          grunt_megastairs_4, uniq_agnes
Elf:2:    layout_loops_cross, basic_altar, item_on_display_a, uniq_saint_roka
Elf:3:    elf_hall, layout_geoelf_castle, minmay_checkered_concentric_circles
Vaults:1: nicolae_vaults_hallways_thing, nicolae_vaults_circle_grid_b,
          hangedman_vaults_snaps, v_misc_31, vaults_room_corners,
          vaults_room_fancy_cross, nicolae_vaults_stairing_the_circle,
          nicolae_vaults_shelves_hall, v_pattern_5, vaults_dpeg_diagonal,
          hangedman_vaults_river_flow, hangedman_vaults_impose,
          vaults_room_pools, ontoclasm_vaults_twist, layout_vaults_ring,
          serial_shops, nicolae_shop_statue_plus
Vaults:2: minmay_crypt_entry_necro_gods, v_alt_pattern_2, nicolae_vaults_arrows,
          v_misc_14, ontoclasm_vaults_gateway, v_misc_1, v_pattern_3,
          hangedman_vaults_stagger, v_rooms_4, nicolae_vaults_little_squares_2,
          layout_vaults_maze_bifur, uniq_boris
Vaults:3: gammafunk_vaults_ghost_grave, hangedman_vaults_nails,
          vaults_room_fours, vaults_dpeg_cross, vaults_room_grid,
          nicolae_vaults_big_angled_halls, hangedman_vaults_cutoff,
          nicolae_vaults_alarming, layout_vaults_omnigrid, serial_shops, shop,
          mu_enter_wizlab_6
Vaults:4: vaults_mumra_chevron_long, v_rooms_5, v_rooms_3, v_alt_pattern_3,
          v_misc_15, nicolae_vaults_rhombus_6, v_rooms_5,
          vaults_standard_mumra_lines, nicolae_vaults_little_ls,
          vaults_room_ringed_pool, v_alt_pattern_2,
          nicolae_vaults_little_squares_1, nicolae_vaults_triangles,
          layout_vaults_omnibox, uniq_sojobo
Vaults:5: serial_shops
Depths:1: minmay_strange_plus, layout_cave_shapes, grunt_pan_entry_in_and_out,
          hell_entry, minmay_protected_statue
Depths:2: kennysheep_blocky_hall, layout_basic, hell_entry, minivault_16,
          nicolae_twisting_strands
Depths:3: gammafunk_mikee_crab_dinner, layout_cross, minmay_misc_feat_square,
          pan_entry, grunt_hell_entry_dis_grunt, lemuel_flame_loot_1,
          infiniplex_staircase_pillars_2
Depths:4: kennysheep_large_spiral, layout_gridlike, pf_hell_entry_tar_river,
          abyss_entry, dk_noncrumbling_4, serial_shops, bzr_in_the_mist,
          nicolae_shop_behind_doors, uniq_mennas, uniq_mara
Depths:5: grunt_zot_entry_gee_three, layout_long_grid, enter_ziggurat_a,
          abyss_entry_crystal, pf_coc_iceberg
Zot:1:    layout_cathedral_of_symmetry
Zot:2:    layout_misc_corridors, gammafunk_ghost_door_vault

Skill      XL: |  1  2  3  4  5  6  7  8  9 10 11 12 13 14 15 16 17 18 19 20 21 22 23 24 25 26 |
---------------+-------------------------------------------------------------------------------+-----
Polearms       | 5 6 7 8 9 11 12 13 14 | 14.0
Fighting       | 4 5 6 7 8 9 10 11 13 14 15 16 17 18 19 20 | 20.0
Dodging        | 3 6 8 10 12 13 15 16 17 18 19 20 | 20.0
Throwing       | 1 4 5 7 9 11 12 13 14 15 16 | 16.0
Evocations     | 1 4 6 7 9 11 12 13 14 15 | 15.0
Armour         | 4 5 6 8 9 10 11 12 13 14 | 14.2
Shields        | 2 6 10 13 14 15 16 17 18 19 20 | 20.0
Translocations | 1 4 5 |  5.0
Spellcasting   | 2 4 6 |  6.7
Axes           | 2 4 7 9 10 | 10.7

Action                   |  1- 3 |  4- 6 |  7- 9 | 10-12 | 13-15 | 16-18 | 19-21 | 22-24 | 25-27 || total
-------------------------+-------+-------+-------+-------+-------+-------+-------+-------+-------++-------
Melee: Spear             |   174 |   263 |       |   621 |   793 |       |       |       |       ||  1851
       Unarmed           |       |     2 |       |       |       |       |       |       |       ||     2
       Halberd           |       |    47 |   392 |   100 |       |       |       |       |       ||   539
       Headbutt          |       |       |       |    45 |   285 |   145 |       |       |       ||   475
       Trident           |       |       |       |       |   718 |       |       |       |       ||   718
       Tailslap          |       |       |       |       |     2 |    47 |     6 |     1 |       ||    56
       Demon trident     |       |       |       |       |   165 |  1884 |  1877 |  1494 |   203 ||  5623
       Broad axe         |       |       |       |       |       |       |       |     7 |   388 ||   395
Throw: Dart              |     2 |    25 |     8 |     5 |     4 |       |     2 |     2 |     7 ||    55
       Boomerang         |       |       |     5 |    75 |   256 |    74 |   120 |   284 |    48 ||   862
       Javelin           |       |       |       |       |     6 |       |     1 |    40 |    40 ||    87
       Throwing net      |       |       |       |       |       |       |       |     2 |       ||     2
 Cast: Blink             |       |       |       |       |       |     3 |       |       |       ||     3
Evoke: Wand              |       |       |     8 |     9 |    16 |     7 |    20 |    18 |     6 ||    84
       Tin of tremorston |       |       |       |     2 |    12 |    10 |    16 |    19 |     9 ||    68
       Phantom mirror    |       |       |       |       |       |       |       |     1 |       ||     1
  Use: Scroll            |     2 |     4 |    20 |     9 |    18 |    12 |    14 |    25 |     6 ||   110
       Potion            |       |       |       |     5 |     5 |     5 |     6 |    12 |     5 ||    38
 Stab: Sleeping          |     1 |       |       |     1 |     1 |     2 |     1 |       |       ||     6
       Paralysed         |       |       |     7 |     8 |       |     3 |     1 |    11 |       ||    30
       Confused          |       |       |     1 |       |     5 |     5 |     7 |     8 |    17 ||    43
       Invisible         |       |       |       |     5 |       |       |       |       |     1 ||     6
       Distracted        |       |       |       |       |     1 |     1 |       |     2 |     3 ||     7
Armor: Leather armour    |    41 |    99 |   119 |    65 |       |       |       |       |       ||   324
       Gold dragon scale |       |       |       |    18 |       |   276 |   540 |   431 |   137 ||  1402
       Acid dragon scale |       |       |       |    16 |   201 |   252 |       |       |       ||   469
       Skin              |       |       |       |       |       |       |       |     9 |       ||     9
Dodge: Dodged            |    69 |   133 |   210 |   257 |   567 |   559 |   261 |   213 |    90 ||  2359
Block: Kite shield       |       |       |       |    78 |   639 |   112 |       |       |       ||   829
       Tower shield      |       |       |       |       |       |  1237 |  1328 |  1022 |   556 ||  4143
       Reflection        |       |       |       |       |       |     2 |       |       |       ||     2

Table legend: (Time is in decaauts)
 A = Elapsed time spent in this place.
 B = Non-inter-level travel time spent in this place.
 C = Inter-level travel time spent in this place.
 D = Time resting spent in this place.
 E = Time spent auto-exploring this place.
 F = Levels seen in this place.
 G = Mean time per level.
                   A        B        C        D        E       F      G
               +--------+--------+--------+--------+--------+-----+--------+
         Total |  67479 |  62616 |   4863 |   6480 |  42571 |  55 | 1226.9 |
       Dungeon |  20289 |  17962 |   2327 |    539 |  14115 |  15 | 1352.6 |
          Lair |   7490 |   6808 |    682 |    331 |   5239 |   6 | 1248.3 |
         Swamp |   5291 |   5127 |    164 |    491 |   3697 |   4 | 1322.8 |
   Spider Nest |   4231 |   4028 |    203 |    391 |   2637 |   4 | 1057.8 |
  Orcish Mines |   4608 |   4109 |    499 |   1292 |   1879 |   2 | 2304.0 |
   Elven Halls |   3304 |   3065 |    239 |      0 |   2236 |   3 | 1101.3 |
        Vaults |  12666 |  12444 |    222 |   2367 |   7374 |   5 | 2533.2 |
        Depths |   6351 |   5963 |    388 |    248 |   4267 |   5 | 1270.2 |
           Zot |    426 |    291 |    135 |    145 |      0 |   2 |  213.0 |
      Ziggurat |    461 |    461 |      0 |    209 |     43 |   5 |   92.2 |
        Bazaar |    117 |    117 |      0 |      0 |     94 |   1 |  117.0 |
        Bailey |    505 |    505 |      0 |      2 |    326 |   1 |  505.0 |
      Ice Cave |   1143 |   1143 |      0 |    421 |    448 |   1 | 1143.0 |
      Gauntlet |    591 |    591 |      0 |     42 |    210 |   1 |  591.0 |
               +--------+--------+--------+--------+--------+-----+--------+

Top non-repeatable levels by time:
Vaults:5: 3006 daAuts
Vaults:4: 2920 daAuts
   Orc:2: 2591 daAuts
     D:9: 2540 daAuts
Vaults:2: 2518 daAuts
Vaults:3: 2488 daAuts
  Lair:4: 2147 daAuts
   Orc:1: 2017 daAuts
Depths:2: 1811 daAuts
    D:14: 1783 daAuts
     D:2: 1755 daAuts
 Swamp:3: 1745 daAuts
Vaults:1: 1731 daAuts
 Swamp:1: 1646 daAuts
    D:13: 1587 daAuts
